 Dungeon Crawl Stone Soup version 0.31-a0-145-g046c7d2549 (webtiles) character file.

Game seed: 2611462748870143687

10459786 kush the Petrodigitator (level 27, 199/199 HPs)
             Began as a Deep Elf Earth Elementalist on June 6, 2023.
             Was the Champion of Vehumet.
             Escaped with the Orb
             ... and 14 runes on June 7, 2023!
             The game lasted 06:38:34 (139612 turns).

kush the Petrodigitator (DEEE)                    Turns: 139612, Time: 06:38:34

Health: 199/199    AC: 22    Str:  7    XL:     27
Magic:  35/56      EV: 22    Int: 52    God:    Vehumet [******]
Gold:   9163       SH: 33    Dex: 17    Spells: 3/80 levels left

rFire   + + .        a - staff of air "Foce" {rElec Int+7 Dex+2}
rCold   + + .        r - +8 tower shield {rN+}
rNeg    + . .        Y - +2 robe {Archmagi}
rPois   .            X - +1 helmet of the Cartwright {Will++ Regen+}
rElec   +            Q - +0 cloak of Fiawkot {rF+ Will+}
rCorr   .            g - +2 pair of gloves of Words of Power {Contam Will+ Int+3}
SInv    +            P - +2 pair of boots {Fly}
Will    +++++        J - amulet of Oenomania {RegenMP rF+}
Stlth   +            s - ring of Paranoia {*Corrode rC+ Int+4 SInv}
HPRegen 1.33/turn    O - ring "Buplegr Kily" {AC+4 Int+5}
MPRegen 0.75/turn

%: corrode self (3%), clarity, archmagi
@: flying, studying 6 skills
A: talons 2, iridescent scales 1, clarity, cold resistance 1
0: Orb of Zot
}: 14/15 runes: serpentine, barnacled, slimy, silver, iron, obsidian, icy, bone,
abyssal, demonic, glowing, magical, fiery, dark
a: Renounce Religion


You escaped.
You worshipped Vehumet.
Vehumet was exalted by your worship.
You visited 17 branches of the dungeon, and saw 84 of its levels.
You visited Pandemonium 2 times, and saw 26 of its levels.
You visited the Abyss 1 time.
You completed 1 ziggurat, and saw 27 of its levels.
You also visited: Volcano and Wizlab.

You collected 18437 gold pieces.
You spent 9274 gold pieces at shops.

Inventory:

Hand Weapons
 b - the +6 Majin-Bo {spellvamp, MP+6 Int+6}
   (You found it on level 3 of the Crypt)

   Int:       It affects your intelligence (+6).
   MP:        It affects your magic capacity (+6).
Armour
 g - the +2 pair of gloves of Words of Power (worn) {Contam Will+ Int+3}
   (You acquired it on level 2 of the Depths)

   Int:       It affects your intelligence (+3).
   Contam:    It causes magical contamination when unequipped.
   Will:      It increases your willpower.
 h - a +2 cloak of preservation
 r - a +8 tower shield of positive energy (worn)
 B - the +3 pair of boots of Muydwom {rC+}
   (You found it in Pandemonium)

   rC:        It protects you from cold.
 I - the orb of Dispater {+Damnation *Corrode AC+5}
   (You took it off Dispater on level 7 of the Iron City of Dis)

   +Damnation: It grants the ability to hurl damnation at the cost of health and
   magic, with strength depending on Evocations skill.
   AC:        It affects your AC (+5).
   *Corrode:  It may corrode you when you take damage.
 P - a +2 pair of boots of flying (worn)
 Q - the +0 cloak of Fiawkot (worn) {rF+ Will+}
   (You found it on level 13 of a ziggurat)

   rF:        It protects you from fire.
   Will:      It increases your willpower.
 X - the +1 helmet of the Cartwright (worn) {Will++ Regen+}
   (You found it on level 17 of a ziggurat)

   Regen:     It increases your rate of health regeneration.
   Will:      It greatly increases your willpower.
 Y - a +2 robe of the Archmagi (worn)
Magical Staves
 a - the staff of air "Foce" (weapon) {rElec Int+7 Dex+2}
   (You found it in Pandemonium)

   [staff of air]

   Base accuracy: +5 Base damage: 5 Base attack delay: 1.2 This weapon's minimum
   attack delay (0.6) is reached at skill level 12.
   Int:       It affects your intelligence (+7).
   Dex:       It affects your dexterity (+2).
   rElec:     It insulates you from electricity.
   It falls into the 'Staves' category.
   It is a one-handed weapon.
Jewellery
 f - the ring of the Tortoise {AC+8}
   (You found it on level 27 of a ziggurat)

   [ring of protection]

   AC:        It affects your AC (+8).
 s - the ring of Paranoia (left hand) {*Corrode rC+ Int+4 SInv}
   (You found it on level 14 of the Dungeon)

   [ring of see invisible]

   Int:       It affects your intelligence (+4).
   rC:        It protects you from cold.
   SInv:      It lets you see invisible.
   *Corrode:  It may corrode you when you take damage.
 F - the ring "Sohikk" {rElec rPois Str+4 Int+2}
   (You took it off a deep elf sorcerer on level 3 of the Elven Halls)

   [ring of poison resistance]

   Str:       It affects your strength (+4).
   Int:       It affects your intelligence (+2).
   rElec:     It insulates you from electricity.
   rPois:     It protects you from poison.
 H - the ring of Hyqahyex {rElec rC+}
   (You found it on level 23 of a ziggurat)

   [ring of protection from cold]

   rC:        It protects you from cold.
   rElec:     It insulates you from electricity.
 J - the amulet of Oenomania (around neck) {RegenMP rF+}
   (You took it off a vault warden on level 4 of the Vaults)

   [amulet of magic regeneration]

   It increases your rate of magic regeneration.
   rF:        It protects you from fire.
 O - the ring "Buplegr Kily" (right hand) {AC+4 Int+5}
   (You found it on level 7 of Tartarus)

   [ring of protection]

   AC:        It affects your AC (+4).
   Int:       It affects your intelligence (+5).
 S - the amulet of the Air {Inacc Air Fly rElec RMsl}
   (You found it on level 14 of a ziggurat)

   [amulet of nothing]

   Inacc:     It reduces the accuracy of your attacks and spells.
   Air:       It enhances your air magic.
   rElec:     It insulates you from electricity.
   Fly:       It grants you flight.
   RMsl:      It protects you from missiles.
 T - the ring "Wytohut" {rPois Int+6}
   (You found it on level 7 of Tartarus)

   [ring of poison resistance]

   Int:       It affects your intelligence (+6).
   rPois:     It protects you from poison.
 U - the ring "Axolo" {rF+ rC- rCorr Str+3}
   (You found it on level 7 of Tartarus)

   [ring of protection from fire]

   Str:       It affects your strength (+3).
   rF:        It protects you from fire.
   rC:        It makes you vulnerable to cold.
   rCorr:     It protects you from acid and corrosion.
 V - the ring of Shadows {Umbra +Inv Stlth+}
   (You found it on level 16 of a ziggurat)

   [ring of stealth]

   Umbra:     It surrounds you with an aura of shadow, increasing your stealth
   and reducing the accuracy of all others within it.
   +Inv:      It lets you turn invisible.
   Stlth:     It makes you more stealthy.
Wands
 n - a wand of mindburst (113)
 x - a wand of polymorph (75)
 E - a wand of quicksilver (79)
 M - a wand of iceblast (109)
 W - a wand of charming (178)
Scrolls
 j - 31 scrolls of fog
 k - 5 scrolls of butterflies
 o - 2 scrolls of enchant armour
 p - 7 scrolls of fear
 q - 13 scrolls of blinking
 u - 8 scrolls of magic mapping
 z - 52 scrolls of teleportation
 R - 3 scrolls of amnesia
 Z - 2 scrolls of torment
Potions
 c - 3 potions of haste
 d - 5 potions of brilliance
 l - 28 potions of mutation
 m - 3 potions of ambrosia
 v - 3 potions of resistance
 w - 30 potions of curing
 A - 10 potions of enlightenment
 C - 3 potions of heal wounds
 D - 4 potions of magic
 G - a potion of cancellation
 K - 13 potions of lignification
Miscellaneous
 e - a +1 figurine of a ziggurat
 i - a phantom mirror
 t - a lightning rod (4/4)
 y - a phial of floods
 L - a condenser vane
 N - a sack of spiders


   Skills:
 O Level 27 Fighting
 - Level 12.0 Staves
 - Level 12.0 Armour
 - Level 17.7 Dodging
 - Level 2.4 Stealth
 - Level 25.1 Shields
 O Level 27 Spellcasting
 O Level 27 Conjurations
 - Level 5.0 Summonings
 - Level 22.1 Necromancy
 - Level 20.5 Transmutations
 - Level 26.2 Fire Magic
 - Level 22.6 Ice Magic
 + Level 16.4 Air Magic
 O Level 27 Earth Magic
 * Level 20.3 Evocations


You had 3 spell levels left.
You knew the following spells:

 Your Spells              Type           Power      Damage    Failure   Level
a - Lehudib's Crystal Sp  Conj/Erth      88%        10d19     0%          8
f - Fire Storm            Conj/Fire      87%        8d22      1%          9
i - Ignition              Fire           87%        3d22      1%          8
l - Chain Lightning       Conj/Air       95%        3d127     1%          9
m - Maxwell's Capacitive  Air            89%        ∞         1%          8
r - Ozocubu's Refrigerat  Ice            83%        4d26      0%          7
s - Shatter               Erth           88%        3d63*     1%          9
B - Blink                 Tloc           100%       N/A       1%          2
N - Necromutation         Tmut/Necr      82%        N/A       1%          8
V - Polar Vortex          Ice            83%        N/A       1%          9

Your spell library contained the following spells:

 Spells                   Type           Power      Damage    Failure   Level
 Foxfire                  Conj/Fire      100%       2x1d9     0%          1
 Freeze                   Ice            100%       1d10      0%          1
 Kiss of Death            Conj/Necr      100%       2d13      0%          1
 Magic Dart               Conj           100%       1d8       0%          1
 Necrotise                Necr           100%       1d9       0%          1
 Sandblast                Erth           100%       2d20      0%          1
 Shock                    Conj/Air       100%       1d9       0%          1
 Sting                    Tmut/Pois      100%       1d8       0%          1
 Cigotuvi's Dreadful Rot  Necr/Pois/Air  100%       N/A       0%          2
 Ensorcelled Hibernation  Hex/Ice        100%       N/A       0%          2
 Momentum Strike          Conj/Tloc      100%       3d10      0%          2
 Passwall                 Tmut/Erth      100%       N/A       0%          2
 Poisonous Vapours        Pois/Air       100%       N/A       0%          2
 Scorch                   Fire           100%       2d9       0%          2
 Searing Ray              Conj           100%       2d8       0%          2
 Static Discharge         Conj/Air       100%       2-7/arc   0%          2
 Sublimation of Blood     Necr           100%       N/A       0%          2
 Wereblood                Tmut           100%       N/A       0%          2
 Dazzling Flash           Conj/Hex       100%       N/A       0%          3
 Frozen Ramparts          Ice            100%       1d16      0%          3
 Hailstorm                Conj/Ice       100%       3d20      0%          3
 Ignite Poison            Fire/Tmut/Pois 100%       N/A       0%          3
 Inner Flame              Hex/Fire       100%       N/A       0%          3
 Mephitic Cloud           Conj/Pois/Air  100%       N/A       0%          3
 Ozocubu's Armour         Ice            100%       N/A       0%          3
 Spider Form              Tmut/Pois      100%       N/A       0%          3
 Stone Arrow              Conj/Erth      100%       3d13      0%          3
 Swiftness                Air            100%       N/A       0%          3
 Vampiric Draining        Necr           100%       2d13      0%          3
 Volatile Blastmotes      Fire/Tloc      100%       2d18      0%          3
 Apportation              Tloc           100%       N/A       1%          1
 Slow                     Hex            100%       N/A       1%          1
 Summon Small Mammal      Summ           100%       N/A       1%          1
 Call Imp                 Summ           100%       N/A       1%          2
 Lesser Beckoning         Tloc           100%       N/A       1%          2
 Call Canine Familiar     Summ           100%       N/A       1%          3
 Confusing Touch          Hex            81%        N/A       1%          3
 Gell's Gravitas          Tloc           81%        N/A       1%          3
 Portal Projectile        Hex/Tloc       100%       N/A       1%          3
 Summon Guardian Golem    Hex/Summ       97%        N/A       1%          3
 Teleport Other           Tloc           81%        N/A       1%          3
 Tukima's Dance           Hex            81%        N/A       1%          3
 Vhi's Electric Charge    Tloc/Air       100%       N/A       1%          3
 Airstrike                Air            89%        2d(13-29) 0%          4
 Animate Armour           Summ/Erth      100%       N/A       0%          4
 Animate Dead             Necr           100%       N/A       0%          4
 Dispel Undead            Necr           100%       3d31      0%          4
 Flame Wave               Conj/Fire      100%       2d21      0%          4
 Fulminant Prism          Conj/Hex       71%        3d30      0%          4
 Ice Form                 Ice/Tmut       100%       N/A       0%          4
 Iskenderun's Mystic Bla  Conj/Tloc      100%       2d19      0%          4
 Leda's Liquefaction      Hex/Erth       71%        N/A       0%          4
 Petrify                  Tmut/Erth      100%       N/A       0%          4
 Sticky Flame             Conj/Fire      100%       2d11      0%          4
 Summon Ice Beast         Ice/Summ       100%       N/A       0%          4
 Agony                    Necr           100%       N/A       0%          5
 Arcjolt                  Conj/Air       95%        1d105     0%          5
 Blade Hands              Tmut           81%        N/A       0%          5
 Borgnjor's Vile Clutch   Necr/Erth      85%        N/A       0%          5
 Fireball                 Conj/Fire      87%        3d32      0%          5
 Freezing Cloud           Conj/Ice/Air   96%        6-21      0%          5
 Irradiate                Conj/Tmut      84%        3d39      0%          5
 Iskenderun's Battlesphe  Conj           100%       2d15      0%          5
 Lee's Rapid Deconstruct  Erth           88%        3d39*     0%          5
 Conjure Ball Lightning   Conj/Air       95%        3x3d36    0%          6
 Death Channel            Necr           83%        N/A       0%          6
 Leda's Unmaking          Conj/Erth      88%        9d14      0%          6
 Plasma Beam              Fire/Air       95%        2x1d115   0%          6
 Simulacrum               Ice/Necr       83%        N/A       0%          6
 Starburst                Conj/Fire      87%        6d22      0%          6
 Statue Form              Tmut/Erth      100%       N/A       0%          6
 Orb of Destruction       Conj           88%        9d19      0%          7
 Anguish                  Hex/Necr       67%        N/A       1%          4
 Cause Fear               Hex            40%        N/A       1%          4
 Manifold Assault         Tloc           81%        N/A       1%          4
 Olgreb's Toxic Radiance  Pois           81%        N/A       1%          4
 Passage of Golubria      Tloc           81%        N/A       1%          4
 Summon Lightning Spire   Summ/Air       100%       N/A       1%          4
 Alistair's Intoxication  Tmut/Pois      88%        N/A       1%          5
 Metabolic Englaciation   Hex/Ice        68%        N/A       1%          5
 Silence                  Hex/Air        74%        N/A       1%          5
 Summon Forest            Summ/Tloc      48%        N/A       1%          5
 Summon Mana Viper        Hex/Summ       97%        N/A       1%          5
 Yara's Violent Unravell  Hex/Tmut       66%        3d25      1%          5
 Eringya's Noxious Bog    Tmut/Pois      66%        N/A       1%          6
 Dragon Form              Tmut           81%        N/A       1%          7
 Haunt                    Necr/Summ      71%        N/A       1%          7
 Spellforged Servitor     Conj/Summ      75%        N/A       1%          7
 Storm Form               Tmut/Air       91%        N/A       1%          7
 Borgnjor's Revivificati  Necr           83%        N/A       1%          8
 Infestation              Necr           83%        N/A       1%          8
 Death's Door             Necr           83%        N/A       2%          9
 Summon Cactus Giant      Summ           55%        N/A       3%          6
 Monstrous Menagerie      Summ           55%        N/A       21%         7
 Summon Hydra             Summ           55%        N/A       21%         7
 Dispersal                Tloc           40%        N/A       28%         6
 Malign Gateway           Summ/Tloc      48%        N/A       50%         7
 Summon Horrible Things   Summ           55%        N/A       83%         8
 Discord                  Hex            40%        N/A       100%        8
 Dragon's Call            Summ           55%        N/A       100%        9


Dungeon Overview and Level Annotations

Branches:
Dungeon (15/15)            Temple (1/1) D:4            Lair (5/5) D:9
 Shoals (4/4) Lair:2        Snake (4/4) Lair:3        Slime (5/5) Lair:4
    Orc (2/2) D:11            Elf (3/3) Orc:2        Vaults (5/5) D:13
  Crypt (3/3) Vaults:2       Tomb (0/3) Crypt:3      Depths (4/4) D:15
   Hell (visited)             Dis (7/7) Hell            Geh (7/7) Hell
    Coc (7/7) Hell            Tar (7/7) Hell            Zot (5/5) Depths:4
Volcano (visited)          WizLab (visited)

Altars:
Ashenzari
Fedhas
Gozag
Hepliaklqana
Kikubaaqudgha
Makhleb
Qazlal
Sif Muna
Trog
Uskayaw
Vehumet
Xom
Yredelemnul
Zin

Shops:
D:3 [?**   Orc:2 [:((   Shoals:2 ?   Snake:2 [   Snake:3 [   Snake:4 :=:*
Vaults:4 (   Vaults:5 *

Portals:
Hell: Depths:1 Depths:2 Depths:3 Depths:4
Abyss: Depths:3
Pandemonium: Depths:2

Annotations:
D:5 2 transporters
D:9 exclusion: upstairs
D:12 4 transporters
D:13 exclusion: downstairs
D:14 exclusion: downstairs
Lair:1 1 exclusion
Lair:2 exclusion: 2 downstairs
Lair:3 exclusion: oklob plant
Lair:4 1 transporter
Snake:1 2 transporters, exclusion: downstairs
Elf:1 1 runed translucent door, Peptixtoax's ghost, adept TeAE
Elf:2 3 runed translucent doors


Innate Abilities, Weirdness & Mutations

You have razor-sharp toenails.
You are partially covered in iridescent scales. (AC +2)
You possess an exceptional clarity of mind.
Your flesh is cold resistant. (rC+)


Message History

Wuma is severely wounded.
A large abomination comes into view.
Unknown command.
Casting: Chain Lightning (dangerous; 1% risk of failure)
Confirm with . or Enter, or press ? or * to list all spells.
You feel a strong surge of power! Lightning arcs from your hands!
The bolt of lightning hits Wuma!!!!
Wuma resists.
You kill Wuma!
Vehumet accepts your kill.
You feel your power returning.
The bolt of lightning hits the large abomination!!!!
You destroy the large abomination!
Vehumet accepts your kill.
You feel your power returning. The bolt of lightning hits you! You resist.
You start resting.
A reaper comes into view.
It is wielding a +2 scythe of protection.
Casting: Chain Lightning (dangerous; 1% risk of failure)
Confirm with . or Enter, or press ? or * to list all spells.
You feel a strong surge of power! Lightning arcs from your hands!
The bolt of lightning hits the reaper!!!!
You kill the reaper!
Vehumet accepts your kill.
You feel your power returning.
You start resting.
A Brimstone Fiend comes into view.
Casting: Chain Lightning (dangerous; 1% risk of failure)
Confirm with . or Enter, or press ? or * to list all spells.
You feel a strong surge of power! Lightning arcs from your hands!
The bolt of lightning hits the Brimstone Fiend!!!!
The Brimstone Fiend is severely wounded.
The Brimstone Fiend roars!
Unknown command.
Casting: Chain Lightning (dangerous; 1% risk of failure)
Confirm with . or Enter, or press ? or * to list all spells.
You feel a strong surge of power! Lightning arcs from your hands!
The bolt of lightning hits the Brimstone Fiend!!!!
You kill the Brimstone Fiend!
Vehumet accepts your kill.
You feel your power returning.
You have escaped!

#.###'## ##>## ##'##
#.##...######...######...##
#.#.........).).).........#
#.#..⌠........⌠.)......⌠..#
#.#.......................#
#.##...######).)######...##
#.###### #####'##### #####
#.# ##.........## #.#
#..♣..@..♣..# #.#
##.........## #.#
########### #.# #.# #.# ###


There were no monsters in sight!

Vanquished Creatures
  Cerebov (Pan)
  Antaeus (Coc:7)
  Ereshkigal (Tar:7)
  Asmodeus (Geh:7)
  Ignacio (Pan)
  Gloorx Vloq (Pan)
  the Royal Jelly (Slime:5)
  the Serpent of Hell (Geh:7)
  Mnoleg (Pan)
  Dispater (Dis:7)
  Lom Lobon (Pan)
  14 dread liches
  29 pandemonium lords
  9 ancient liches
  11 orbs of fire
  12 juggernauts
  Mennas (Pan)
  Vv (Zot:3)
  9 Killer Klowns
  9 royal mummies (Zig:20)
  17 shard shrikes
  Bai Suzhen (Snake:3)
  23 caustic shrikes
  Saint Roka (Depths:4)
  3 curse toes
  Vashnia (Snake:3)
  Geryon (Hell)
  19 golden dragons
  10 profane servitors
  18 bone dragons
  10 doom hounds
  29 Brimstone Fiends
  A shard shrike zombie (Tar:7)
  26 Tzitzimimeh
  16 iron giants
  3 electric golems
  18 hellephants
  41 Ice Fiends
  A walking crystal tome (Zot:4)
  2 shard shrike skeletons
  Mlioglotl (Snake:3)
  30 Orb Guardians
  34 tentacled monstrosities
  36 Hell Sentinels
  A quicksilver dragon (shapeshifter) (Zig:7)
  16 liches
  2 walking divine tomes (Zot:4)
  15 titans
  14 tainted leviathans
  4 walking earthen tomes
  20 searing wretches
  47 Executioners (Pan)
  17 deep elf blademasters
  A walking frostbound tome (Zot:4)
  4 quicksilver dragons
  14 deep elf master archers
  26 acid blobs
  4 tentacled starspawn
  A kraken (Shoals:3)
  9 sphinxes
  Polyphemus (Shoals:3)
  36 ancient champions
  10 death cobs
  11 tengu reavers
  13 shadow dragons
  20 storm dragons
  8 revenants
  Roxanne (D:14)
  14 azure jellies
  24 fire giants
  13 draconian monks
  2 daevas
  20 frost giants
  29 nagarajas
  29 quicksilver elementals
  8 rockslimes
  9 narguns
  14 iron dragons
  A fire giant (shapeshifter) (Zig:14)
  27 demonspawn warmongers
  17 draconian knights
  9 draconian scorchers
  14 deep elf sorcerers
  15 shard shrike simulacra
  A juggernaut zombie (Zig:20)
  Louise (Shoals:3)
  A spectral caustic shrike (Tar:1)
  6 emperor scorpions (Zig:26)
  7 draconian shifters
  53 balrugs
  10 ghouls
  2 spectral juggernauts
  13 ghost moths
  8 draconian stormcallers
  4 orc warlords
  8 curse skulls
  18 ironbound preservers
  35 cacodemons
  19 demonspawn corrupters
  55 war gargoyles
  An ophan (Abyss:3)
  14 vault wardens
  9 quicksilver oozes
  An angel (Pan)
  4 draconian annihilators
  35 demonspawn blood saints
  43 reapers
  2 juggernaut skeletons
  5 deep elf elementalists
  22 very ugly things
  3 caustic shrike skeletons
  5 formless jellyfish
  14 green draconians
  22 stone giants
  30 deep elf demonologists
  12 vampire knights
  A stone giant (shapeshifter) (Zig:7)
  8 ironbound thunderhulks
  A bunyip (shapeshifter) (D:14)
  2 eleionomae (Zig:21)
  A spark wasp (Depths:1)
  11 dire elephants
  18 putrid mouths
  24 elemental wellsprings
  The ghost of tensugalgo the Markstengu, a journeyman TeHu of Fedhas (Lair:4)
  13 red draconians
  3 spectral titans
  3 bunyips
  14 white draconians
  13 wendigos
  A minotaur (Shoals:4)
  28 deep elf annihilators
  Azrael (D:13)
  11 yellow draconians
  6 bennus
  10 black draconians
  23 demonspawn black suns
  12 purple draconians
  45 lorocyprocas
  18 eidola
  9 fire dragons
  11 merfolk javelineers
  33 blizzard demons
  42 green deaths
  2 crystal guardians
  Snorg (D:10)
  34 iron golems
  17 ettins
  A kraken zombie (Hell)
  3 shambling mangroves (Zig:21)
  Josephine (D:14)
  24 deep elf high priests
  4 mummy priests
  3 entropy weavers
  A spectral quicksilver dragon (Tar:1)
  5 deep elf death magi
  3 spectral spriggans
  10 jiangshi
  9 great orbs of eyes
  3 spriggan zombies
  17 yaktaur captains
  11 merfolk impalers
  A spectral iron giant (Tar:6)
  32 vault guards
  13 hydras
  A peacekeeper (Vaults:4)
  7 rakshasas
  17 hell beasts
  Fannar (D:11)
  8 juggernaut simulacra
  7 ironbound frosthearts
  33 salamander tyrants
  6 caustic shrike simulacra
  10 stokers
  12 ogre magi
  4 alligator snapping turtles
  4 death knights
  3 spriggan skeletons
  3 merfolk aquamancers
  25 anacondas
  4 spriggan air magi
  6 merfolk avatars
  A ghost crab (Zig:21)
  2 alligators (Zig:21)
  A radroach (Zig:26)
  31 dancing weapons
  13 ice dragons
  32 centaur warriors
  An alligator snapping turtle (shapeshifter) (Zig:14)
  35 two-headed ogres
  8 boulder beetles
  A catoblepas (D:14)
  7 death scarabs
  5 deep troll earth magi
  11 satyrs
  2 tengu warriors
  21 naga warriors
  4 deep troll shamans
  4 death yaks
  56 hell hogs
  8 orc high priests
  7 vampire magi
  44 demonic crawlers
  2 spectral dire elephants (Tar:1)
  3 thrashing horrors
  Urug (Lair:3)
  A storm dragon zombie (Zig:20)
  18 naga sharpshooters
  6 shock serpents
  4 spriggan berserkers (Depths:4)
  8 skysharks
  4 spriggans
  71 soul eaters
  180 sun demons
  4 titan skeletons
  Amaemon (Lair:3)
  4 hell knights (Depths:4)
  A titan zombie (Hell)
  19 crystal echidnas
  28 skeletal warriors
  4 wretched stars
  16 deep elf knights
  The ghost of voshxx the Ogre Mage, a novice OgIE (D:7)
  57 sixfirhies
  4 salamander mystics
  2 spectral bunyips (Tar:1)
  An iron troll (shapeshifter) (Zig:14)
  41 shadow wraiths
  7 death drakes (Zig:21)
  A sun moth (Zig:5)
  2 spectral anacondas
  A goliath frog (Zig:21)
  6 iron trolls
  32 deep trolls
  A golden dragon zombie (Tar:7)
  A spectral hydra (Tar:2)
  10 naga ritualists
  30 shadow demons
  4 bog bodies
  6 quicksilver dragon simulacra
  30 sea snakes
  2 spriggan druids
  A pharaoh ant (Zig:5)
  2 obsidian statues
  2 orb spiders
  6 orange crystal statues
  7 glowing orange brains
  2 bunyip skeletons
  14 flayed ghosts
  2 anaconda zombies (Hell)
  18 deep elf archers
  30 harpies
  2 lindwurms
  4 starcursed masses
  12 swamp dragons
  5 spriggan simulacra
  A lindwurm (shapeshifter) (D:15)
  26 phantasmal warriors
  A shadow dragon zombie (Zig:8)
  A sphinx zombie (Zig:8)
  A steelbarb worm (Zig:5)
  17 ironbound convokers
  22 wizards
  A stone giant zombie (Crypt:2)
  An oklob plant (Lair:4)
  4 orc knights
  27 deep elf pyromancers
  46 deep elf zephyrmancers
  7 necromancers
  A tengu skeleton (Zig:20)
  18 mana vipers
  10 orc sorcerers
  48 ugly things
  19 manticores
  A spectral ettin (Tar:1)
  A wolf spider (Zig:26)
  4 fauns
  A shining eye (shapeshifter) (Vaults:5)
  A faun (shapeshifter) (Depths:3)
  An iron dragon zombie (Tar:7)
  7 shining eyes
  24 moths of wrath
  A spectral alligator snapping turtle (Tar:3)
  16 salamanders
  16 cyclopes
  4 worldbinders (WizLab)
  96 large abominations
  A wolf spider (shapeshifter) (Vaults:5)
  8 fire giant skeletons (Crypt:3)
  4 elephants (Lair:5)
  2 will-o-the-wisps (Zig:21)
  A nameless horror (Shoals:3)
  20 vault sentinels
  Joseph (Lair:1)
  A draconian skeleton (Pan)
  A draconian zombie (Hell)
  36 black mambas
  7 merfolk sirens
  19 naga magi
  9 rust devils
  9 water nymphs
  2 apocalypse crabs
  13 molten gargoyles
  5 eyes of devastation
  A stone giant skeleton (Pan)
  2 ice statues
  18 guardian serpents
  15 cane toads
  A torpor snail (Zig:26)
  8 gargoyles
  A storm dragon simulacrum (Coc:1)
  An unseen horror (Abyss:1)
  5 titan simulacra
  A shock serpent skeleton (Crypt:1)
  125 smoke demons
  2 centaur skeletons
  57 hellions
  33 orange demons
  3 dire elephant skeletons
  10 komodo dragons
  A yaktaur (shapeshifter) (D:14)
  A bunyip simulacrum (Coc:2)
  13 rime drakes
  11 freezing wraiths
  6 ice devils
  3 ancient zymes (Abyss:3)
  A kobold demonologist (D:9)
  4 tengu conjurers
  15 efreet
  4 anaconda simulacra
  An iron giant simulacrum (Coc:4)
  A catoblepas skeleton (Crypt:2)
  70 tormentors
  22 yaktaurs
  2 golden dragon simulacra
  A queen bee (shapeshifter) (Depths:1)
  16 guardian mummies
  2 silent spectres
  49 merfolk
  A spectral deep troll (Tar:1)
  2 spectral nagas
  A red draconian skeleton (Crypt:1)
  3 hydra zombies (Hell)
  A queen bee (Lair:4)
  17 trolls
  A wind drake (shapeshifter) (Zig:7)
  2 spectral harpies (Tar:1)
  2 polar bears
  2 sea snake skeletons (Hell)
  A harpy zombie (Tar:7)
  18 red devils
  8 wind drakes
  A meliai (shapeshifter) (D:14)
  2 meliai (Lair:4)
  11 hornets
  2 raiju
  5 harpy skeletons
  An alligator zombie (Hell)
  A sphinx simulacrum (Zig:19)
  6 blink frogs (WizLab)
  A hydra skeleton (Pan)
  A raiju (shapeshifter) (Zig:27)
  A tyrant leech (Zig:21)
  5 iron dragon simulacra
  44 hellwings
  2 dream sheep (Shoals:4)
  3 tarantellas
  A blink frog (shapeshifter) (D:14)
  7 snapping turtles
  A dream sheep (shapeshifter) (Zig:7)
  2 jumping spiders
  105 slime creatures
  3 ettin skeletons
  A culicivora (Zig:26)
  4 air elementals
  A centaur simulacrum (Coc:2)
  12 flying skulls
  7 ushabtiu (Zig:20)
  2 vampires
  22 wraiths
  112 ynoxinuls
  5 shadows
  2 stone giant simulacra
  10 water elementals
  Sigmund (D:3)
  8 fire dragon skeletons (Crypt:3)
  45 yaks
  3 wyverns
  6 dire elephant simulacra
  10 fire elementals
  A slime creature zombie (Crypt:2)
  24 fire bats
  A human (shapeshifter) (D:14)
  A yak (shapeshifter) (Depths:2)
  2 alligator snapping turtle simulacra
  74 chaos spawn
  5 golden eyes (Slime:5)
  4 redbacks
  45 neqoxecs
  5 steam dragons
  A vampire mosquito (D:14)
  4 basilisks
  A sea snake simulacrum (Hell)
  Grum (D:11)
  28 harpy simulacra
  4 wargs
  7 spatial vortices (WizLab)
  The ghost of PirateVox the Trooper, an amateur GrFi (D:5)
  A two-headed ogre zombie (Crypt:1)
  17 water moccasins
  47 nagas
  A two-headed ogre skeleton (Crypt:1)
  4 acid dragons
  A faun skeleton (Crypt:1)
  A fire bat skeleton (Crypt:1)
  2 floating eyes (Pan)
  3 hell hounds (D:13)
  40 orc warriors
  2 hydra simulacra
  8 ice beasts
  7 ettin simulacra
  2 sky beasts (D:8)
  41 ogres
  4 black bears
  An elephant zombie (Crypt:2)
  4 wolves (D:11)
  A dream sheep skeleton (Crypt:2)
  16 centaurs
  3 phantoms
  6 necrophages
  16 bullfrogs
  A kobold brigand (D:8)
  3 gnoll sergeants
  A glowing shapeshifter simulacrum (Zig:19)
  2 naga simulacra
  A cyclops zombie (Crypt:1)
  2 scorpions
  8 earth elementals
  A water moccasin zombie (D:5)
  16 wights
  A water moccasin skeleton (D:5)
  6 killer bees
  A swamp dragon simulacrum (Coc:1)
  A troll skeleton (Crypt:2)
  7 howler monkeys
  A crimson imp (D:10)
  7 hounds
  2 iron imps
  3 jellies
  14 orc priests
  3 gnoll boudas
  Crazy Yiuf (D:3)
  7 iguanas
  3 sleepcaps
  25 orc wizards
  7 hell rats
  4 small abominations
  A killer bee zombie (Crypt:1)
  2 naga zombies (Crypt:2)
  An acid dragon skeleton (Crypt:2)
  2 naga skeletons
  A howler monkey zombie (D:5)
  35 mummies
  19 gnolls
  10 adders
  2 river rats (D:9)
  2 shadow imps
  4 white imps
  3 ufetubi
  A worm (D:3)
  3 dart slugs
  85 orcs
  4 ball pythons
  5 endoplasms
  4 giant cockroaches
  3 goblins
  7 hobgoblins
  13 jackals
  6 quokkas
  8 bats
  An endoplasm zombie (Crypt:1)
  8 frilled lizards
  4 kobolds
  A quokka zombie (Crypt:2)
  7 rats
  A river rat skeleton (Crypt:1)
  3 ball lightnings (Pan)
  5 creeping infernos
  75 fire vortices
  A spectral weapon (Zig:7)
  2 starspawn tentacles (Zig:4)
  A tentacle (Hell)
5654 creatures vanquished.

Vanquished Creatures (collateral kills)
  Dissolution (Slime:2)
  A royal mummy (Zig:8)
  A doom hound (Tar:4)
  An Ice Fiend (Coc:6)
  A pandemonium lord (Pan)
  3 rockslimes
  A draconian monk (Depths:4)
  A fire giant (Depths:2)
  A shard shrike simulacrum (Coc:6)
  A ghost moth (Zot:5)
  A vault warden (Vaults:2)
  A spriggan defender (Depths:2)
  An ironbound thunderhulk (Vaults:4)
  A very ugly thing (Depths:2)
  A stone giant (Depths:3)
  A demonspawn corrupter (Pan)
  6 dire elephants
  2 minotaurs (Shoals:4)
  A black draconian (Zot:4)
  A lorocyproca (Pan)
  A purple draconian (Zot:4)
  A spectral titan (Tar:1)
  An ettin (Depths:2)
  A merfolk impaler (Shoals:4)
  2 vault guards
  A merfolk avatar (Zig:26)
  An ironbound frostheart (Vaults:2)
  A centaur warrior (Vaults:1)
  A catoblepas (Shoals:3)
  2 satyrs (Shoals:4)
  A deep troll earth mage (Vaults:4)
  2 death yaks (Shoals:3)
  A spectral naga (Tar:5)
  A sun demon (Pan)
  2 sixfirhies (Pan)
  A sea snake (Shoals:4)
  A shadow wraith (Pan)
  A spectral iron dragon (Tar:2)
  4 deep trolls (Vaults:4)
  A harpy (Shoals:4)
  2 manticores (Shoals:4)
  A lindwurm (Vaults:4)
  An ugly thing (Depths:1)
  A faun (Shoals:4)
  A merfolk siren (Shoals:4)
  3 vault sentinels
  A smoke demon (Pan)
  A black mamba (Lair:1)
  An orange demon (Pan)
  A yaktaur (Vaults:4)
  A tormentor (Tar:7)
  A golden dragon simulacrum (Coc:3)
  A spectral harpy (Tar:1)
  5 merfolk (Shoals:4)
  A dream sheep (Shoals:4)
  A hellwing (Pan)
  A snapping turtle (Shoals:4)
  6 slime creatures
  2 yaks (Lair:1)
  A water elemental (Shoals:4)
  A fire bat (Depths:3)
  A neqoxec (Pan)
  An ufetubus (Pan)
  2 tentacles (Shoals:3)
93 creatures vanquished.

Vanquished Creatures (others)
  3 eldritch tentacles
  2 balrugs
  A shard shrike simulacrum (Coc:7)
  A manticore (D:14)
  A tormentor (Pan)
  A komodo dragon (Lair:1)
  A yak (Lair:1)
  A chaos spawn (Pan)
  A neqoxec (Pan)
  A ball lightning (Pan)
  2 creeping infernos
  431 fire vortices
  5 tentacles
451 creatures vanquished.

Grand Total: 6198 creatures vanquished

Notes
Turn   | Place    | Note
-------+----------+-------------------------------------------
     0 | D:1      | kush the Deep Elf Earth Elementalist began the quest for
                  | the Orb.
     0 | D:1      | Reached XP level 1. HP: 10/10 MP: 6/6
   114 | D:1      | You fall into a shaft and drop 1 floor!
   148 | D:2      | Found a shimmering altar of Xom.
   171 | D:2      | Reached XP level 2. HP: 15/15 MP: 6/8
   415 | D:2      | Reached XP level 3. HP: 19/19 MP: 6/10
   512 | D:2      | Learned a level 3 spell: Stone Arrow
   940 | D:1      | Reached XP level 4. HP: 24/24 MP: 10/12
  2251 | D:3      | Found Ycauc's Magic Scroll Shop.
  2257 | D:3      | Bought a scroll of noise for 10 gold pieces
  2257 | D:3      | Bought a scroll of identify for 20 gold pieces
  2257 | D:3      | Bought a scroll of identify for 20 gold pieces
  2257 | D:3      | Bought a scroll of identify for 20 gold pieces
  2257 | D:3      | Bought a scroll of identify for 20 gold pieces
  2257 | D:3      | Bought a scroll of identify for 20 gold pieces
  2257 | D:3      | Bought a scroll of amnesia for 40 gold pieces
  2270 | D:3      | Found Orattax's Antique Armour Shop.
  2319 | D:3      | Reached skill level 5 in Earth Magic
  2599 | D:3      | Found Esorr's Assorted Antiques.
  2714 | D:3      | Found Vudur's Assorted Antiques.
  2721 | D:3      | Bought a scroll labelled QOEXOE QOREF for 23 gold pieces
  2721 | D:3      | Bought a scroll labelled LOESYD RION for 23 gold pieces
  2972 | D:3      | Noticed Sigmund
  3066 | D:4      | Reached XP level 5. HP: 28/28 MP: 11/14
  3106 | D:4      | Noticed a phantom
  3112 | D:4      | Killed a phantom
  3113 | D:4      | Reached skill level 5 in Spellcasting
  3165 | D:4      | Noticed a water moccasin
  3172 | D:4      | Killed a water moccasin
  3173 | D:4      | Reached XP level 6. HP: 8/32 MP: 5/16
  3347 | D:4      | Found a staircase to the Ecumenical Temple.
  3354 | Temple   | Entered the Ecumenical Temple
  3361 | Temple   | Became a worshipper of Vehumet
  3746 | D:4      | Reached XP level 7. HP: 36/36 MP: 11/18
  4232 | D:3      | Killed Sigmund
  4233 | D:3      | Reached skill level 5 in Conjurations
  4372 | D:3      | Found a runed translucent door.
  4373 | D:3      | Noticed Crazy Yiuf
  4377 | D:3      | Killed Crazy Yiuf
  4489 | D:3      | Bought a scroll labelled SIRAECS LIJOAL for 25 gold pieces
  4489 | D:3      | Bought a scroll labelled NYNWOATHUI for 25 gold pieces
  4529 | D:5      | Entered Level 5 of the Dungeon
  4786 | D:5      | Found a broken altar of Ashenzari.
  4849 | D:5      | Found a transporter.
  4871 | D:5      | Found a transporter.
  4874 | D:5      | Noticed PirateVox's ghost (amateur GrFi)
  5051 | D:5      | Reached * piety under Vehumet
  5051 | D:5      | Offered knowledge of Foxfire by Vehumet.
  5103 | D:5      | Reached XP level 8. HP: 42/42 MP: 19/21
  5231 | D:5      | Reached skill level 1 in Fighting
  6127 | D:6      | Reached skill level 5 in Dodging
  6674 | D:6      | Found a shimmering blue altar of Sif Muna.
  6733 | D:3      | Bought a silvery potion for 20 gold pieces
  6754 | D:3      | Bought a silvery potion for 22 gold pieces
  6754 | D:3      | Bought a scroll of identify for 50 gold pieces
  6754 | D:3      | Bought a scroll of identify for 50 gold pieces
  6836 | D:7      | Reached XP level 9. HP: 51/51 MP: 15/23
  6899 | D:7      | Found a runed translucent door.
  6901 | D:7      | Noticed voshxx's ghost (novice OgIE)
  6992 | D:7      | Found an opulent altar of Gozag.
  7069 | D:7      | Found a burning altar of Makhleb.
  7077 | D:7      | Offered knowledge of Searing Ray by Vehumet.
  7081 | D:7      | Learned a level 2 spell: Searing Ray
  7087 | D:7      | Reached ** piety under Vehumet
  8033 | D:8      | Reached skill level 1 in Shields
  8159 | D:8      | Paralysed by a hornet for 1 turns
  8165 | D:8      | Reached XP level 10. HP: 40/58 MP: 5/25
  8291 | D:8      | Offered knowledge of Hailstorm by Vehumet.
  8437 | D:8      | Identified the +2 sling of the Shrinking Firefly {heavy,
                  | Dex+2}
  8711 | D:8      | Reached skill level 10 in Spellcasting
  8937 | D:8      | Reached skill level 5 in Fighting
  8977 | D:8      | Reached *** piety under Vehumet
  9189 | D:8      | Noticed a cyclops
  9216 | D:9      | Noticed a death yak
  9217 | D:9      | Noticed a death yak
  9595 | D:3      | Bought a runed cloak for 225 gold pieces
 10091 | D:9      | Found a staircase to the Lair.
 10094 | D:9      | Noticed a death yak
 10113 | D:9      | Killed a death yak
 10329 | D:9      | Killed a death yak
 10492 | D:9      | Offered knowledge of Ignite Poison by Vehumet.
 10495 | D:9      | Reached skill level 5 in Shields
 10888 | D:9      | Killed a death yak
 10889 | D:9      | Reached XP level 11. HP: 49/64 MP: 11/28
 10988 | D:9      | Learned a level 8 spell: Lehudib's Crystal Spear
 11233 | D:10     | Entered Level 10 of the Dungeon
 11331 | Lair:1   | Entered Level 1 of the Lair of Beasts
 11387 | Lair:1   | Noticed Joseph
 11556 | Lair:1   | Killed Joseph
 11683 | Lair:1   | Reached **** piety under Vehumet
 11892 | Lair:1   | Reached skill level 1 in Armour
 12336 | Lair:1   | Found a glowing silver altar of Zin.
 12419 | Lair:1   | Offered knowledge of Freezing Cloud by Vehumet.
 12614 | Lair:1   | Learned a level 5 spell: Freezing Cloud
 12752 | Lair:2   | Reached skill level 1 in Air Magic
 12821 | Lair:2   | Reached skill level 10 in Conjurations
 13466 | Lair:2   | Reached XP level 12. HP: 71/71 MP: 17/29
 13606 | Lair:2   | Found a staircase to the Shoals.
 14128 | Lair:3   | Noticed Urug
 14139 | Lair:3   | Found a staircase to the Snake Pit.
 14371 | Lair:3   | Noticed Amaemon
 14377 | Lair:3   | Killed Amaemon
 14493 | Lair:3   | Noticed an eight-headed hydra
 14502 | Lair:2   | Reached skill level 5 in Air Magic
 14716 | Lair:3   | Killed Urug
 15131 | Lair:3   | Killed an eight-headed hydra
 15918 | Lair:4   | Reached ***** piety under Vehumet
 15921 | Lair:4   | Offered knowledge of Fireball by Vehumet.
 16072 | Lair:4   | Found a staircase to the Slime Pits.
 16440 | Lair:4   | Reached skill level 5 in Armour
 16589 | Lair:4   | Got Sif Muna's Spellbook of the Stony Spider
 16596 | Lair:4   | Learned a level 5 spell: Fireball
 16651 | Lair:4   | Found a hazy altar of Hepliaklqana.
 16659 | Lair:4   | Reached XP level 13. HP: 75/75 MP: 26/30
 16722 | Lair:4   | Found a transporter.
 16726 | Lair:4   | Found a transporter.
 16729 | Lair:4   | Noticed tensugalgo's ghost (journeyman TeHu)
 16905 | Lair:4   | You fall into a shaft and drop 1 floor!
 16905 | Lair:5   | Entered Level 5 of the Lair of Beasts
 16928 | Lair:5   | Found a dark tunnel.
 16931 | Lair:5   | Reached skill level 10 in Earth Magic
 16958 | Volcano  | Entered a volcano
 17030 | Volcano  | Noticed a stone giant
 17043 | Volcano  | Killed a stone giant
 18488 | Lair:5   | Identified the +3 battleaxe of the Writhing Moth {vamp,
                  | *Noise Int+9 Dex+2 Stlth+}
 20186 | Lair:5   | Noticed a fire dragon
 20195 | Lair:5   | Killed a fire dragon
 21722 | D:7      | Killed voshxx's ghost
 22318 | D:10     | Learned a level 2 spell: Blink
 22855 | D:10     | Noticed Snorg
 22860 | D:10     | Killed Snorg
 23462 | D:11     | Found a staircase to the Orcish Mines.
 23467 | D:11     | Noticed Fannar
 23470 | D:11     | Killed Fannar
 23776 | D:11     | Noticed Grum
 23782 | D:11     | Killed Grum
 24186 | Orc:1    | Entered Level 1 of the Orcish Mines
 24199 | Orc:1    | Reached XP level 14. HP: 64/82 MP: 8/32
 24806 | Orc:2    | Entered Level 2 of the Orcish Mines
 24817 | Orc:2    | Offered knowledge of Fulminant Prism by Vehumet.
 25196 | Orc:2    | Reached skill level 15 in Conjurations
 26847 | Orc:2    | Found Odeq's Antique Armour Emporium.
 26847 | Orc:2    | Found Tusta's Book Shop.
 26848 | Orc:2    | Found Lonakh's Weapon Shop.
 26848 | Orc:2    | Found Ciozav's Antique Weapon Shoppe.
 26872 | Orc:2    | Found a staircase to the Elven Halls.
 27707 | D:12     | Offered knowledge of Yara's Violent Unravelling by Vehumet.
 28195 | D:12     | Found a transporter.
 28268 | D:12     | Found a transporter.
 28270 | D:12     | Found a transporter.
 28351 | D:12     | Found a transporter.
 28434 | D:12     | Learned a level 5 spell: Yara's Violent Unravelling
 29112 | D:13     | Reached XP level 15. HP: 88/88 MP: 28/35
 30481 | D:12     | Acquired an Everburning Encyclopedia
 30483 | D:12     | Acquired 589 gold pieces
 30729 | D:13     | Noticed Azrael
 30734 | D:13     | Killed Azrael
 30861 | D:13     | Reached skill level 15 in Earth Magic
 30994 | D:13     | Found a gate to the Vaults.
 31206 | D:14     | Noticed Josephine
 31211 | D:14     | Killed Josephine
 31518 | D:14     | Identified Roxanne's Almanac of Mud
 31518 | D:14     | Noticed Roxanne
 31521 | D:14     | Killed Roxanne
 31634 | D:14     | Found a basalt altar of Yredelemnul.
 33178 | D:14     | Offered knowledge of Spellforged Servitor by Vehumet.
 33326 | D:14     | Learned a level 7 spell: Spellforged Servitor
 33671 | D:14     | Reached skill level 15 in Spellcasting
 35232 | D:14     | Reached XP level 16. HP: 81/93 MP: 8/37
 35710 | D:14     | Got the Excursus on Despair
 35824 | D:15     | Entered Level 15 of the Dungeon
 35945 | D:15     | Found a staircase to the Depths.
 37995 | D:14     | Identified the ring of Paranoia {*Corrode rC+ Int+4 SInv}
 38009 | D:14     | Learned a level 9 spell: Shatter
 38386 | Snake:1  | Entered Level 1 of the Snake Pit
 38386 | Snake:1  | Found a transporter.
 38395 | Snake:1  | Offered knowledge of Conjure Ball Lightning by Vehumet.
 39884 | Snake:1  | Found a radiant altar of Vehumet.
 42021 | Snake:2  | Reached XP level 17. HP: 97/97 MP: 34/40
 42195 | Snake:2  | Offered knowledge of Leda's Unmaking by Vehumet.
 42523 | Snake:2  | Found Kaos Gaa's Antique Armour Shoppe.
 42527 | Snake:2  | Bought a pair of slimy gloves for 266 gold pieces
 42527 | Snake:2  | Identified the +1 pair of gloves of the Armoured One {Harm}
                  | (You bought it in a shop on level 2 of the Snake Pit)
 42527 | Snake:2  | Bought a shiny helmet for 210 gold pieces
 43124 | Snake:3  | Noticed Vashnia
 43461 | Snake:3  | Noticed Bai Suzhen
 43523 | Snake:3  | Noticed Mlioglotl
 43528 | Snake:3  | Killed Mlioglotl
 44091 | Snake:3  | Killed Vashnia
 44769 | Snake:3  | Killed Bai Suzhen
 45273 | Snake:3  | Found Nicen's Antique Armour Boutique.
 45276 | Snake:3  | Bought a glowing robe for 96 gold pieces
 45614 | Snake:4  | Entered Level 4 of the Snake Pit
 45718 | Snake:4  | Found Mihyweum's Assorted Antiques.
 45844 | Snake:4  | Bought a pair of steaming gloves for 437 gold pieces
 45844 | Snake:4  | Identified the +1 pair of gloves "Viboguloont" {rCorr} (You
                  | bought it in a shop on level 4 of the Snake Pit)
 45844 | Snake:4  | Bought a scroll labelled YGRAENK ZUPY for 46 gold pieces
 45989 | Snake:4  | Found Wosuypt's Book Boutique.
 45989 | Snake:4  | Found Luzamem's Jewellery Emporium.
 45990 | Snake:4  | Found Deicluve's Book Boutique.
 47945 | Snake:4  | Reached XP level 18. HP: 105/105 MP: 27/42
 48047 | Snake:4  | Got a serpentine rune of Zot
 48466 | Elf:1    | Entered Level 1 of the Elven Halls
 48944 | Elf:1    | Offered knowledge of Ozocubu's Refrigeration by Vehumet.
 49246 | Elf:1    | Found a runed translucent door.
 49246 | Elf:1    | Noticed Peptixtoax's ghost (adept TeAE)
 50175 | Elf:1    | Found a hide-covered altar of Uskayaw.
 50911 | Orc:2    | Bought a glowing cloak for 217 gold pieces
 51173 | D:3      | Bought a runed robe for 111 gold pieces
 51173 | D:3      | Bought an embroidered robe for 111 gold pieces
 51436 | Elf:2    | Acquired the ring of Gafocuynih {rPois rC+ rCorr Str+6
                  | Int-3}
 51885 | Snake:4  | Bought a book of Unlife for 612 gold pieces
 51893 | Snake:4  | Learned a level 5 spell: Borgnjor's Vile Clutch
 52145 | Elf:2    | Found an ancient bone altar of Kikubaaqudgha.
 52158 | Elf:2    | Reached skill level 10 in Fighting
 52162 | Elf:2    | Reached skill level 10 in Shields
 53285 | Elf:2    | Found a runed translucent gate.
 53285 | Elf:2    | Found a runed translucent gate.
 53286 | Elf:2    | Found a runed translucent gate.
 53381 | Elf:3    | Entered Level 3 of the Elven Halls
 54935 | Elf:3    | Identified the +1 dagger of the Hills {holy, rCorr Dex+3}
 55027 | Elf:3    | Reached XP level 19. HP: 116/116 MP: 33/43
 55289 | Elf:3    | Identified the ring "Sohikk" {rElec rPois Str+4 Int+2}
 55743 | Elf:3    | Identified the staff of fire "Igumedom" {Drain rF+ rCorr
                  | Dex+3}
 55758 | Elf:3    | Identified the +2 scale mail of the Engineer {rElec rCorr
                  | Str-4 SInv}
 55775 | Elf:3    | Identified the staff of earth "Noanedd" {rElec rF++ Will-
                  | Dex-4}
 55778 | Elf:3    | Got Mavotro's Elucidation of Pyromancy
 56364 | Shoals:1 | Entered Level 1 of the Shoals
 57099 | Shoals:1 | Got Easy Wizardry
 57345 | Shoals:2 | Found Ceib's Magic Scroll Boutique.
 57357 | Shoals:2 | Bought a scroll of amnesia for 52 gold pieces
 57357 | Shoals:2 | Bought a scroll of teleportation for 39 gold pieces
 57357 | Shoals:2 | Bought a scroll of teleportation for 39 gold pieces
 57381 | Shoals:2 | Reached ****** piety under Vehumet
 57506 | Shoals:2 | Offered knowledge of Fire Storm by Vehumet.
 57506 | Shoals:2 | Offered knowledge of Chain Lightning by Vehumet.
 57506 | Shoals:2 | Offered knowledge of Polar Vortex by Vehumet.
 57683 | Shoals:2 | Identified the ring "Hoidwied" {Dex+4 SInv}
 58354 | Shoals:3 | Noticed Polyphemus
 58367 | Shoals:3 | Killed Polyphemus
 58736 | Shoals:3 | Noticed Louise
 58741 | Shoals:3 | Killed Louise
 59271 | Shoals:4 | Entered Level 4 of the Shoals
 59409 | Shoals:4 | Reached skill level 1 in Summonings
 59988 | Shoals:4 | Identified the +1 ring mail of Uhinudghi {rC+ MP+9 Dex-4}
 60063 | Shoals:4 | Reached XP level 20. HP: 118/124 MP: 44/46
 60108 | Shoals:4 | Reached skill level 5 in Summonings
 60431 | Shoals:4 | Identified the +4 short sword "Gobutul" {pain, *Rage Dex+3
                  | Stlth+}
 60599 | Shoals:4 | Got a barnacled rune of Zot
 61028 | Vaults:1 | Entered Level 1 of the Vaults
 63656 | Vaults:2 | Found a staircase to the Crypt.
 65306 | Vaults:3 | Reached XP level 21. HP: 132/132 MP: 41/47
 65633 | Vaults:4 | Found Xeplif's Weapon Shop.
 65665 | Vaults:4 | Reached skill level 10 in Dodging
 65790 | Vaults:4 | Got the Handbook of Cadavers and Interference
 65949 | Vaults:4 | Identified the +1 spear "Afyata" {freeze, Int+2}
 67350 | Vaults:4 | Reached skill level 15 in Fighting
 67566 | Vaults:5 | Entered Level 5 of the Vaults
 67578 | Vaults:5 | Noticed an ancient lich
 67580 | Vaults:5 | Noticed an ancient lich
 67582 | Vaults:5 | Reached XP level 22. HP: 96/140 MP: 27/50
 67582 | Vaults:5 | Killed an ancient lich
 67582 | Vaults:5 | Killed an ancient lich
 67930 | Vaults:5 | HP: 3/123 [tengu reaver/bolt of lightning (11)]
 68671 | Vaults:5 | Identified the +0 robe of Absolutism {Harm rPois}
 68925 | Vaults:5 | Found Ripsezie's Assorted Antiques.
 68953 | Vaults:5 | Identified the amulet of Oenomania {RegenMP rF+}
 69202 | Vaults:5 | Noticed a golden dragon
 69335 | Vaults:5 | Killed a golden dragon
 69341 | Vaults:5 | Identified the +1 quarterstaff of the Vase {freeze, Fly rC-
                  | Int+3}
 69888 | Vaults:5 | Got a silver rune of Zot
 70187 | Vaults:5 | Identified the staff of cold "Mokull" {Drain rC+ Int+3
                  | Dex+3}
 71158 | Lair:4   | Killed tensugalgo's ghost
 71450 | D:5      | Killed PirateVox's ghost
 71763 | Snake:1  | Identified the scarf of the True Pharaoh {shadows, *Corrode
                  | rElec rF+ SInv}
 71896 | Snake:1  | Found a transporter.
 72132 | Depths:1 | Entered Level 1 of the Depths
 72521 | Depths:1 | Reached XP level 23. HP: 146/146 MP: 44/51
 72871 | Depths:1 | Found a gateway to Hell.
 73167 | Depths:2 | Found a one-way gate leading to the halls of Pandemonium.
 73401 | Depths:2 | You are sucked into a shaft and drop 2 floors!
 73401 | Depths:4 | Entered Level 4 of the Depths
 73610 | Depths:4 | Noticed Saint Roka
 73618 | Depths:4 | Killed Saint Roka
 73679 | Depths:3 | Found a magical portal.
 73716 | WizLab   | Entered The Roulette of Golubria
 73716 | WizLab   | Found a transporter.
 73719 | WizLab   | Found a corrupted altar of Lugonu.
 73743 | WizLab   | Found a corrupted altar of Lugonu.
 73750 | WizLab   | Found a transporter.
 73847 | WizLab   | Found a transporter.
 73892 | WizLab   | Found a transporter.
 73920 | WizLab   | Found a transporter.
 73957 | WizLab   | Found a transporter.
 74048 | WizLab   | Found a transporter.
 74052 | WizLab   | Found a transporter.
 74134 | WizLab   | Found a transporter.
 74143 | WizLab   | Found a transporter.
 74150 | WizLab   | Found a transporter.
 74182 | WizLab   | Found a transporter.
 74185 | WizLab   | Identified the -1 cloak of Ydider {rCorr Dex+5}
 74187 | WizLab   | Got Golubria's Papyrus of Direction
 74193 | WizLab   | Found a transporter.
 74198 | WizLab   | Identified the +2 cloak "Xaecot" {Harm rPois Dex+2}
 74202 | WizLab   | Got Golubria's Lessons on Translocation
 74213 | WizLab   | Identified the +0 cloak of Yfohepli {-Tele rPois rF+ SInv}
 74214 | WizLab   | Identified the +0 cloak "Peumot" {Rampage rElec rC+ Str-3}
 74336 | WizLab   | Found a transporter.
 74456 | WizLab   | Found a transporter.
 74517 | WizLab   | Found a transporter.
 74617 | WizLab   | Found a transporter.
 74623 | WizLab   | Found a transporter.
 74731 | WizLab   | Found a transporter.
 74777 | WizLab   | Found a transporter.
 75002 | Depths:2 | Noticed a caustic shrike
 75007 | Depths:2 | Killed a caustic shrike
 75530 | Depths:2 | Identified the +6 demon blade of Oenomania {flame, rElec}
 75915 | Depths:2 | Learned a level 9 spell: Fire Storm
 76168 | Depths:3 | Reached skill level 27 in Earth Magic
 76347 | Depths:3 | Identified the +2 morningstar of Xoghack {antimagic, Will+
                  | Str+2 Int-2 SInv}
 76919 | Depths:3 | Found a one-way gate to the infinite horrors of the Abyss.
 77002 | Depths:3 | Found a blossoming altar of Fedhas.
 77620 | Depths:4 | Found a one-way gateway to a ziggurat.
 77813 | Depths:4 | Reached XP level 24. HP: 152/152 MP: 34/53
 77908 | Depths:4 | Found a gate to the Realm of Zot.
 78332 | Crypt:1  | Entered Level 1 of the Crypt
 78368 | Crypt:1  | Reached skill level 1 in Fire Magic
 78707 | Crypt:1  | Reached skill level 5 in Fire Magic
 80300 | Crypt:2  | Reached skill level 10 in Fire Magic
 80621 | Crypt:3  | Entered Level 3 of the Crypt
 80776 | Crypt:3  | Learned a level 8 spell: Ignition
 81104 | Crypt:3  | Found the +6 Majin-Bo {spellvamp, MP+6 Int+6}
 81115 | Crypt:3  | Identified the +10 mace "Daugu" {heavy, Str+4 Int-3 Dex+5}
 81265 | Crypt:3  | Found a staircase to the Tomb.
 81418 | Crypt:3  | Identified the +3 scimitar "Sujov" {protect, rC+ Will+
                  | rCorr}
 82352 | Crypt:3  | Found an ancient bone altar of Kikubaaqudgha.
 82367 | Crypt:3  | Noticed an ancient lich
 82373 | Crypt:3  | Killed an ancient lich
 82467 | Crypt:3  | Identified the +0 buckler of the Saviour {Harm}
 83249 | Slime:1  | Entered Level 1 of the Pits of Slime
 83693 | Slime:2  | Noticed Dissolution
 83699 | Slime:2  | Killed Dissolution
 83700 | Slime:2  | Reached XP level 25. HP: 158/158 MP: 18/53
 84947 | Slime:5  | Entered Level 5 of the Pits of Slime
 85032 | Slime:5  | Reached skill level 15 in Fire Magic
 85041 | Slime:5  | Noticed the Royal Jelly
 85048 | Slime:5  | Killed the Royal Jelly
 85139 | Slime:5  | Got the Incunabulum of Fumes
 85140 | Slime:5  | Identified the +5 leather armour "Jojesh" {Dex+5}
 85160 | Slime:5  | Identified the staff of earth "Goymiku" {+Blink Dex+6}
 85183 | Slime:5  | Got a slimy rune of Zot
 85185 | Slime:5  | Identified the +6 spear of the Spheres {speed, *Noise
                  | *Corrode rPois Stlth+}
 85191 | Slime:5  | Identified the amulet "Qorinonu" {Faith Str+3}
 85218 | Slime:5  | Got the Precepts of Crystalline Rime
 85259 | Slime:5  | Identified the +1 morningstar "Nelius" {heavy, Str+3}
 85268 | Slime:5  | Identified the +3 short sword "Per Vopp" {heavy, rElec}
 86301 | Zot:1    | Entered Level 1 of the Realm of Zot
 86697 | Zot:1    | Identified the +9 shortbow of Freehold {drain, Fragile rC-
                  | Will+ Dex+5}
 86820 | Zot:1    | Identified the +1 dagger of Massacring {spect, *Corrode rF+
                  | rN+ Dex+2}
 86827 | Zot:1    | Identified the +2 mace of Gaweipiupp {heavy, Str+2 Int+2
                  | Dex+5 SInv}
 86828 | Zot:1    | Identified the +9 spear "Orb Guardian's Bane" {speed, rPois
                  | Will+}
 87673 | Zot:2    | Reached XP level 26. HP: 160/166 MP: 38/53
 87823 | Zot:2    | Noticed an orb of fire
 87830 | Zot:2    | Killed an orb of fire
 88782 | Zot:3    | Identified the +1 plate armour of the Barber Surgeon {rN+
                  | Int-5 Dex+2}
 88882 | Zot:3    | Noticed Vv
 88884 | Zot:3    | Killed Vv
 90418 | Zot:5    | Entered Level 5 of the Realm of Zot
 91227 | Zot:5    | Noticed a dread lich
 91230 | Zot:5    | Killed a dread lich
 91252 | Zot:5    | Noticed an orb of fire
 91254 | Zot:5    | Noticed an orb of fire
 91255 | Zot:5    | Noticed an orb of fire
 91257 | Zot:5    | Gained mutation: You do not regenerate when monsters are
                  | visible. [an orb of fire]
 91258 | Zot:5    | Noticed an orb of fire
 91572 | Zot:5    | Killed an orb of fire
 91585 | Zot:5    | Killed an orb of fire
 91596 | Zot:5    | Killed an orb of fire
 91608 | Zot:5    | Killed an orb of fire
 91609 | Zot:5    | Reached XP level 27. HP: 136/174 MP: 51/54
 91612 | Zot:5    | Noticed an orb of fire
 91615 | Zot:5    | Killed an orb of fire
 91677 | Zot:5    | Reached skill level 1 in Evocations
 91924 | Zot:5    | Reached skill level 5 in Evocations
 91942 | Zot:5    | Noticed an orb of fire
 91954 | Zot:5    | Killed an orb of fire
 92030 | Zot:5    | Noticed an orb of fire
 92037 | Zot:5    | Killed an orb of fire
 92233 | Zot:5    | Noticed an orb of fire
 92237 | Zot:5    | Killed an orb of fire
 92280 | Zot:5    | Noticed a dread lich
 92284 | Zot:5    | Killed a dread lich
 92295 | Zot:5    | Noticed an ancient lich
 92298 | Zot:5    | Killed an ancient lich
 92317 | Zot:5    | Reached skill level 10 in Evocations
 92468 | Zot:5    | Noticed a dread lich
 92471 | Zot:5    | Killed a dread lich
 92493 | Zot:5    | Noticed an orb of fire
 92498 | Zot:5    | Killed an orb of fire
 92780 | Zot:5    | Lost mutation: You do not regenerate when monsters are
                  | visible. [potion of mutation]
 92780 | Zot:5    | Gained mutation: You have sharp toenails. [potion of
                  | mutation]
 92780 | Zot:5    | Gained mutation: You have razor-sharp toenails. [potion of
                  | mutation]
 92780 | Zot:5    | Gained mutation: You have a pair of small horns on your
                  | head. [potion of mutation]
 92781 | Zot:5    | Lost mutation: You have razor-sharp toenails. [potion of
                  | mutation]
 92781 | Zot:5    | Lost mutation: You have a pair of small horns on your head.
                  | [potion of mutation]
 92781 | Zot:5    | Gained mutation: You occasionally lose the ability to read
                  | scrolls when taking damage. [potion of mutation]
 92781 | Zot:5    | Gained mutation: You are agile. (Dex +4, Str/Int -1)
                  | [potion of mutation]
 92781 | Zot:5    | Gained mutation: Your movements are slightly less
                  | encumbered by armour. (ER -2) [potion of mutation]
 92781 | Zot:5    | Gained mutation: You have razor-sharp toenails. [potion of
                  | mutation]
 93202 | D:3      | Bought a scroll of enchant armour for 75 gold pieces
 94517 | Vaults:5 | Bought a potion of brilliance for 172 gold pieces
 94517 | Vaults:5 | Bought a potion of lignification for 129 gold pieces
 94517 | Vaults:5 | Bought a scroll of teleportation for 129 gold pieces
 94517 | Vaults:5 | Bought a wand of charming (4) for 412 gold pieces
 94517 | Vaults:5 | Bought a wand of charming (7) for 722 gold pieces
 94517 | Vaults:5 | Bought a glowing quick blade for 774 gold pieces
 94786 | Hell     | Entered the Vestibule of Hell
 94786 | Hell     | Noticed Geryon
 94791 | Hell     | Killed Geryon
 94978 | Hell     | Found a gateway to the Iron City of Dis.
 95210 | Hell     | Found a gateway to the freezing wastes of Cocytus.
 95296 | Hell     | Found a gateway to the decaying netherworld of Tartarus.
 95396 | Hell     | Found a gateway to the ashen valley of Gehenna.
 95588 | Pan      | Entered Pandemonium
 95588 | Pan      | Found an exit through the horrors of the Abyss.
 95822 | Pan      | Gained mutation: Your body sometimes deteriorates upon
                  | taking damage. [a neqoxec]
 95958 | Pan      | Lost mutation: Your body sometimes deteriorates upon taking
                  | damage. [potion of mutation]
 95958 | Pan      | Lost mutation: You occasionally lose the ability to read
                  | scrolls when taking damage. [potion of mutation]
 95958 | Pan      | Gained mutation: Your natural rate of healing is unusually
                  | fast. [potion of mutation]
 96026 | Pan      | Found a transporter.
 96058 | Pan      | Reached skill level 1 in Ice Magic
 96204 | Pan      | Found an exit through the horrors of the Abyss.
 96936 | Pan      | Reached skill level 1 in Staves
 96952 | Pan      | Reached skill level 5 in Ice Magic
 97033 | Pan      | Identified the +3 pair of boots of Muydwom {rC+}
 97035 | Pan      | Identified the ring of Cuyngoh {rPois rF+ MP+9 Int-4 SInv}
 97037 | Pan      | Found a transporter.
 97038 | Pan      | Identified the +8 flail of the Butterfly {heavy, Int+3}
 97676 | Pan      | Noticed Pifaust the pandemonium lord
 97695 | Pan      | Killed Pifaust the pandemonium lord
 97941 | Pan      | Found an exit through the horrors of the Abyss.
 97993 | Pan      | Noticed Wosat the pandemonium lord
 98053 | Pan      | Killed Wosat the pandemonium lord
 98120 | Pan      | Learned a level 7 spell: Ozocubu's Refrigeration
 98130 | Pan      | Learned a level 9 spell: Polar Vortex
 98543 | Pan      | Found an exit through the horrors of the Abyss.
 98965 | Pan      | Reached skill level 5 in Staves
 98983 | Pan      | Noticed Xoycofof the pandemonium lord
 98993 | Pan      | Killed Xoycofof the pandemonium lord
 99096 | Pan      | Noticed Ignacio
 99097 | Pan      | Reached skill level 27 in Spellcasting
 99099 | Pan      | Killed Ignacio
 99511 | Pan      | Reached skill level 10 in Ice Magic
 99956 | Pan      | Noticed Ympaink the pandemonium lord
100398 | Pan      | Killed Ympaink the pandemonium lord
100460 | Pan      | Identified the +4 falchion of Zokimoh {drain, rElec rC+++
                  | Str-2 Dex+3}
100461 | Pan      | Identified the staff of cold "Jepnuidghaim" {rPois rC+
                  | rCorr Str+6 Int-4}
100463 | Pan      | Got a demonic rune of Zot
100470 | Pan      | Identified the +6 mace of Kismet {drain, rN+ Int+2}
101058 | Pan      | Identified the -1 cloak "Figruah" {Dex+5}
101471 | Pan      | Noticed Oludghes the pandemonium lord
101475 | Pan      | Killed Oludghes the pandemonium lord
102275 | Pan      | Identified the +1 pair of boots "Wyakuv" {*Slow Str+8
                  | Int-4}
102397 | Pan      | Noticed Jer Olod the pandemonium lord
102798 | Pan      | Killed Jer Olod the pandemonium lord
103473 | Pan      | Noticed Zutoekut the pandemonium lord
103477 | Pan      | Killed Zutoekut the pandemonium lord
103624 | Pan      | Identified the +5 glaive of Noon {drain, rC+}
104431 | Pan      | Noticed Vurerph the pandemonium lord
104433 | Pan      | Reached skill level 15 in Ice Magic
104434 | Pan      | Killed Vurerph the pandemonium lord
104911 | Pan      | Found an exit through the horrors of the Abyss.
105193 | Pan      | Reached skill level 10 in Staves
105223 | Pan      | Noticed Jouhelot the pandemonium lord
105227 | Pan      | Killed Jouhelot the pandemonium lord
105441 | Pan      | Found an exit through the horrors of the Abyss.
105984 | Pan      | Noticed Uxkif the pandemonium lord
105988 | Pan      | Killed Uxkif the pandemonium lord
106048 | Pan      | Noticed Mennas
106050 | Pan      | Killed Mennas
107039 | Pan      | Noticed Tiun the pandemonium lord
107041 | Pan      | Killed Tiun the pandemonium lord
108081 | Pan      | Noticed Iqaatuce the pandemonium lord
108083 | Pan      | Killed Iqaatuce the pandemonium lord
108297 | Pan      | Found an exit through the horrors of the Abyss.
108436 | Pan      | Identified the scarf of the Slorg {+Inv, rPois}
109110 | Pan      | Noticed Voycaph the pandemonium lord
109113 | Pan      | Killed Voycaph the pandemonium lord
110464 | Pan      | Entered the realm of Cerebov.
110564 | Pan      | Found an exit through the horrors of the Abyss.
110740 | Pan      | Identified the amulet of Autotheism {RegenMP Regen+}
110754 | Pan      | Found the +6 sword of Cerebov {flame}
110754 | Pan      | Noticed Cerebov
110762 | Pan      | Killed Cerebov
110861 | Pan      | Identified the staff of earth "Elutos" {*Corrode Str+5
                  | Dex+2}
110870 | Pan      | Identified the +9 morningstar "Dragonslayer" {antimagic,
                  | Int+4}
111176 | Pan      | Identified the staff of air "Quny" {rElec rN+ Dex+3}
111183 | Pan      | Identified the staff of death "Sonirch" {rN+ Str+4}
111249 | Pan      | Got a fiery rune of Zot
111251 | Pan      | Identified the ring of Reiroc {Contam rF++ rN+ Str+3}
111269 | Pan      | Identified the +2 shortbow of Foolhardiness {heavy, rElec
                  | Str+4 Dex+3 Stlth+}
111271 | Pan      | Identified the +8 trident "Lues" {flame, *Slow Will++ Str+2
                  | SInv}
111294 | Pan      | Identified the staff of earth "Huonwam" {Str+4}
111366 | Pan      | Identified the +5 demon whip of Quuvur Gapn {elec, rPois}
111424 | Pan      | Identified the +3 scale mail of Igorghih {Will+ rCorr}
111630 | Pan      | Found an exit through the horrors of the Abyss.
111828 | Pan      | Noticed Jaanab the pandemonium lord
111838 | Pan      | Killed Jaanab the pandemonium lord
113027 | Pan      | Noticed Lyrou the pandemonium lord
113132 | Pan      | Killed Lyrou the pandemonium lord
113518 | Pan      | Found an exit through the horrors of the Abyss.
114332 | Pan      | Found an exit through the horrors of the Abyss.
114709 | Pan      | Noticed Qolylut the pandemonium lord
114711 | Pan      | Killed Qolylut the pandemonium lord
114951 | Pan      | Took an exit into the Abyss.
114951 | Abyss:1  | Escaped into the Abyss
114952 | Abyss:1  | Found a corrupted altar of Lugonu.
114982 | Abyss:1  | Found a corrupted altar of Lugonu.
114982 | Abyss:1  | Found a corrupted altar of Lugonu.
114982 | Abyss:1  | Found a corrupted altar of Lugonu.
115035 | Abyss:1  | Found a corrupted altar of Lugonu.
115107 | Abyss:1  | Noticed a dread lich
115109 | Abyss:1  | Killed a dread lich
115192 | Abyss:3  | Found a corrupted altar of Lugonu.
115207 | Abyss:3  | Found a corrupted altar of Lugonu.
115448 | Abyss:3  | Noticed a dread lich
115449 | Abyss:3  | Killed a dread lich
115458 | Abyss:3  | Got an abyssal rune of Zot
115468 | Depths:2 | Escaped the Abyss
115496 | Pan      | Entered Pandemonium
115516 | Pan      | Noticed Cuhueboj the pandemonium lord
115523 | Pan      | Killed Cuhueboj the pandemonium lord
115663 | Pan      | Identified the staff of air "Foce" {rElec Int+7 Dex+2}
115754 | Pan      | Identified the -2 cloak "Miqizu" {-Cast Contam rPois
                  | Stlth+}
115926 | Pan      | Identified the +0 chain mail of the Dowdy God {rPois Str+3}
116054 | Pan      | Acquired the ring "Qaenoli" {Wiz rC+ Str+3 Int+4}
116649 | Pan      | Noticed Anog the pandemonium lord
116651 | Pan      | Killed Anog the pandemonium lord
117341 | Pan      | Entered the realm of Lom Lobon.
117914 | Pan      | Noticed Lom Lobon
117919 | Pan      | Killed Lom Lobon
118003 | Pan      | Got a magical rune of Zot
118377 | Pan      | Entered the realm of Mnoleg.
118594 | Pan      | Gained mutation: Armour fits poorly on your strangely
                  | shaped body. [a cacodemon]
118978 | Pan      | Noticed Mnoleg
118984 | Pan      | Gained mutation: You occasionally lose the ability to read
                  | scrolls when taking damage. [a neqoxec]
118985 | Pan      | Gained mutation: Your spells are a little easier to cast,
                  | but a little less powerful. [a neqoxec]
119017 | Pan      | Lost mutation: You are agile. (Dex +4, Str/Int -1) [potion
                  | of mutation]
119017 | Pan      | Lost mutation: Your spells are a little easier to cast, but
                  | a little less powerful. [potion of mutation]
119017 | Pan      | Lost mutation: Armour fits poorly on your strangely shaped
                  | body. [potion of mutation]
119017 | Pan      | Gained mutation: You are dopey. (Int -2) [potion of
                  | mutation]
119017 | Pan      | Lost mutation: You are dopey. (Int -2) [potion of mutation]
119120 | Pan      | Killed Mnoleg
119267 | Pan      | Got a glowing rune of Zot
119905 | Pan      | Reached skill level 27 in Conjurations
119914 | Pan      | Noticed Zisitzurgh the pandemonium lord
119921 | Pan      | Killed Zisitzurgh the pandemonium lord
120478 | Pan      | Found an exit through the horrors of the Abyss.
120757 | Pan      | Entered the realm of Gloorx Vloq.
121084 | Pan      | Learned a level 9 spell: Chain Lightning
121462 | Pan      | Lost mutation: Your movements are slightly less encumbered
                  | by armour. (ER -2) [potion of mutation]
121462 | Pan      | Lost mutation: Your natural rate of healing is unusually
                  | fast. [potion of mutation]
121462 | Pan      | Lost mutation: You occasionally lose the ability to read
                  | scrolls when taking damage. [potion of mutation]
121462 | Pan      | Gained mutation: You are partially covered in iridescent
                  | scales. (AC +2) [potion of mutation]
121462 | Pan      | Gained mutation: You possess an exceptional clarity of
                  | mind. [potion of mutation]
121462 | Pan      | Gained mutation: Your flesh is cold resistant. (rC+)
                  | [potion of mutation]
121901 | Pan      | Noticed Gloorx Vloq
121905 | Pan      | Killed Gloorx Vloq
122135 | Pan      | Got a dark rune of Zot
123066 | Depths:2 | Escaped Pandemonium
123190 | Depths:2 | Learned a level 8 spell: Maxwell's Capacitive Coupling
123242 | Zig:1    | Entered Level 1 of a ziggurat
123263 | Zig:2    | Entered Level 2 of a ziggurat
123264 | Zig:2    | Noticed Boir the pandemonium lord
123267 | Zig:2    | Killed Boir the pandemonium lord
123406 | Zig:3    | Entered Level 3 of a ziggurat
123409 | Zig:3    | Noticed an orb of fire
123414 | Zig:3    | Killed an orb of fire
123458 | Zig:4    | Entered Level 4 of a ziggurat
123463 | Zig:4    | Reached skill level 10 in Air Magic
123504 | Zig:5    | Entered Level 5 of a ziggurat
123547 | Zig:5    | Identified the +6 battleaxe "Ino Zish" {drain, Dex+2}
123552 | Zig:6    | Entered Level 6 of a ziggurat
123665 | Zig:6    | Identified the +7 quarterstaff of Kismet {antimagic, rC-
                  | rCorr Dex+6}
123675 | Zig:7    | Entered Level 7 of a ziggurat
123700 | Zig:7    | Identified the +12 great mace of Ascent {speed, Fragile
                  | rPois rN+++ Stlth-}
123715 | Zig:8    | Entered Level 8 of a ziggurat
123722 | Zig:8    | Noticed a royal mummy
123727 | Zig:8    | Killed a royal mummy
123825 | Zig:8    | Identified the +8 spear of the Fool {vamp, rC++ Str-2}
123826 | Zig:8    | Identified the scarf of Agnosticism {shadows, rPois Will-
                  | Str+2 Int+6 Dex+2}
123852 | Zig:9    | Entered Level 9 of a ziggurat
123885 | Zig:9    | Identified the amulet of Odixtom {Spirit -Tele rF+ rC+
                  | Int+3}
123908 | Zig:9    | Identified the +7 falchion of the Pyrrhic Victory {speed,
                  | rN+}
123945 | Zig:10   | Entered Level 10 of a ziggurat
123952 | Zig:10   | Noticed a dread lich
123956 | Zig:10   | Killed a dread lich
123959 | Zig:10   | Found the +11 plutonium sword {Contam Stlth-}
124061 | Zig:10   | Identified the +7 hand crossbow "Govem" {heavy, rF+ Int-5
                  | SInv Stlth+}
124065 | Zig:10   | Got Sif Muna's Lectures on Contaminants
124067 | Zig:10   | Identified the ring of Temptation {Wiz Str+4 Int+4}
124070 | Zig:10   | Identified the +8 short sword "Plog" {distort, rF+ Dex+2}
124072 | Zig:10   | Identified the +6 rapier of the Three Songs {venom, rF+ rC+
                  | Str+3}
124086 | Zig:11   | Entered Level 11 of a ziggurat
124099 | Zig:11   | Noticed Suorerr the pandemonium lord
124100 | Zig:11   | Killed Suorerr the pandemonium lord
124110 | Zig:11   | Identified the +0 helmet of the Unbroken {Dex+2}
124117 | Zig:11   | Identified the +5 orcbow of the Goat {speed, rN+ Str+3
                  | Int-4 SInv}
124140 | Zig:11   | Learned a level 8 spell: Necromutation
124144 | Zig:12   | Entered Level 12 of a ziggurat
124156 | Zig:12   | Found the +3 salamander hide armour {Flames, rFlCloud rF++
                  | rC--}
124352 | Zig:13   | Entered Level 13 of a ziggurat
124370 | Zig:13   | Reached skill level 5 in Necromancy
124370 | Zig:13   | Reached skill level 5 in Transmutations
124374 | Zig:13   | Identified the +0 cloak of Fiawkot {rF+ Will+}
124629 | Zig:14   | Entered Level 14 of a ziggurat
124643 | Zig:14   | Noticed Besailaz the pandemonium lord
124643 | Zig:14   | Noticed Losay the pandemonium lord
124644 | Zig:14   | Noticed Vailaus the pandemonium lord
124645 | Zig:14   | Killed Besailaz the pandemonium lord
124646 | Zig:14   | Killed Losay the pandemonium lord
124646 | Zig:14   | Killed Nemyskez the pandemonium lord
124646 | Zig:14   | Noticed Odanyor the pandemonium lord
124647 | Zig:14   | Killed Odanyor the pandemonium lord
124647 | Zig:14   | Noticed Nifisim the pandemonium lord
124648 | Zig:14   | Killed Vailaus the pandemonium lord
124649 | Zig:14   | Killed Nifisim the pandemonium lord
124652 | Zig:14   | Found the amulet of the Air {Inacc Air Fly rElec RMsl}
124668 | Zig:14   | Identified the +0 leather armour of the Equinox {Rampage
                  | rN+}
124675 | Zig:14   | Identified the staff of earth "Hiq Wyi" {rN+}
124791 | Zig:15   | Entered Level 15 of a ziggurat
124824 | Zig:15   | Reached skill level 10 in Necromancy
124849 | Zig:15   | Identified the staff of fire "Dycsureg" {*Slow Fly rF+
                  | Str+8}
124901 | Zig:16   | Entered Level 16 of a ziggurat
124917 | Zig:16   | Found the ring of Shadows {Umbra +Inv Stlth+}
124920 | Zig:16   | Noticed a dread lich
124922 | Zig:16   | Reached skill level 10 in Transmutations
124922 | Zig:16   | Killed a dread lich
125042 | Zig:17   | Entered Level 17 of a ziggurat
125050 | Zig:17   | Noticed a juggernaut
125053 | Zig:17   | Noticed a juggernaut
125054 | Zig:17   | Noticed a juggernaut
125054 | Zig:17   | Noticed a juggernaut
125055 | Zig:17   | Killed a juggernaut
125055 | Zig:17   | Killed a juggernaut
125055 | Zig:17   | Killed a juggernaut
125058 | Zig:17   | Killed a juggernaut
125060 | Zig:17   | Noticed a juggernaut
125063 | Zig:17   | Killed a juggernaut
125121 | Zig:17   | Identified the +1 helmet of the Cartwright {Will++ Regen+}
125146 | Zig:17   | Identified the +1 ring mail "Iluleiwkoi" {rC+ rN+ Int+3}
125192 | Zig:18   | Entered Level 18 of a ziggurat
125208 | Zig:18   | Noticed a juggernaut
125212 | Zig:18   | Noticed a juggernaut
125213 | Zig:18   | Killed a juggernaut
125213 | Zig:18   | Noticed a juggernaut
125213 | Zig:18   | Noticed a juggernaut
125215 | Zig:18   | Killed a juggernaut
125216 | Zig:18   | Killed a juggernaut
125216 | Zig:18   | Killed a juggernaut
125227 | Zig:18   | Identified the staff of cold "Lir Ynno" {+Blink rF- rC+
                  | rCorr Int+3}
125241 | Zig:18   | Identified the +7 whip of Uskayaw, Hammering {speed, rN+
                  | Will- Str+2}
125262 | Zig:18   | Identified the +8 flail of Resourcefulness {heavy, rF- rN+
                  | rCorr}
125301 | Zig:19   | Entered Level 19 of a ziggurat
125325 | Zig:19   | Reached skill level 15 in Necromancy
125371 | Zig:19   | Identified the ring of Lust {Will+ Stlth+}
125394 | Zig:19   | Identified the +5 hand axe of Rescuing Quick Death {drain,
                  | SInv}
125399 | Zig:19   | Identified the +10 great mace "Plojy" {freeze, Str-2 Int+6}
125407 | Zig:19   | Identified the +4 short sword "Eviscerator" {elec, Contam
                  | rF+ Will+ Dex+3}
125467 | Zig:20   | Entered Level 20 of a ziggurat
125480 | Zig:20   | Noticed a royal mummy
125483 | Zig:20   | Noticed a royal mummy
125485 | Zig:20   | Killed a royal mummy
125485 | Zig:20   | Noticed a royal mummy
125486 | Zig:20   | Noticed a royal mummy
125486 | Zig:20   | Noticed a royal mummy
125487 | Zig:20   | Killed a royal mummy
125488 | Zig:20   | Killed a royal mummy
125489 | Zig:20   | Noticed a royal mummy
125490 | Zig:20   | Killed a royal mummy
125490 | Zig:20   | Killed a royal mummy
125491 | Zig:20   | Reached skill level 15 in Transmutations
125491 | Zig:20   | Killed a royal mummy
125492 | Zig:20   | Noticed a royal mummy
125493 | Zig:20   | Noticed a royal mummy
125494 | Zig:20   | Killed a royal mummy
125497 | Zig:20   | Noticed a royal mummy
125498 | Zig:20   | Killed a royal mummy
125502 | Zig:20   | Killed a royal mummy
125607 | Zig:20   | Identified the +1 bardiche of Xibejeiro {flame, rN+ Int+3
                  | Dex+3}
125611 | Zig:20   | Identified the ring "Oli Tua" {Wiz rF+ rN+ Dex+4}
125627 | Zig:20   | Identified the +8 sling "Poewuh" {drain, Contam rC+++
                  | Will+}
125632 | Zig:20   | Identified the +1 short sword "Ysyihos" {holy, rF- Str+4}
125635 | Zig:20   | Identified the +4 falchion "Nomomisu" {freeze, rF+ Str+2}
125636 | Zig:20   | Identified the +3 war axe of Feanga {drain, Fragile Fly
                  | rF+++ Stlth-}
125641 | Zig:21   | Entered Level 21 of a ziggurat
125744 | Zig:21   | Got Plog's Folio of Assistive Conjuring
125752 | Zig:21   | Identified the +6 flail "Puem" {drain, rCorr}
125805 | Zig:22   | Entered Level 22 of a ziggurat
125898 | Zig:22   | Identified the +8 spear "Pakuacamm" {venom, MP+9 Str+5
                  | Int+6}
125974 | Zig:23   | Entered Level 23 of a ziggurat
126181 | Zig:23   | Found the +9 sword of Power {lifebolt}
126190 | Zig:23   | Identified the ring "Duusme Homi" {Fly Str+3}
126201 | Zig:23   | Identified the ring of Hyqahyex {rElec rC+}
126335 | Zig:24   | Entered Level 24 of a ziggurat
126436 | Zig:24   | Identified the staff of earth "Moiss" {Drain +Blink Str+5
                  | Int-2}
126461 | Zig:24   | Identified the +0 plate armour of Oggesonn {rC+ Str+2
                  | Slay+2}
126471 | Zig:24   | Identified the +2 pair of boots of Proximity {Harm Int+2
                  | Stlth+}
126472 | Zig:24   | Identified the staff of fire "Qechu" {rF+ Will++ Str-2
                  | Dex+3}
126476 | Zig:24   | Identified the +2 rapier "Cakahanu" {venom, rPois Will+
                  | Str-3}
126479 | Zig:24   | Identified the +3 halberd "Duasha Uclop" {protect, rC-
                  | Will+++ Str-4 Dex+2}
126482 | Zig:24   | Identified the staff of death "Ziotyju" {rN+ Dex+3}
126485 | Zig:24   | Identified the staff of death "Zyanumeb" {rF- rN+ rCorr
                  | MP+9 Int+5}
126527 | Zig:25   | Entered Level 25 of a ziggurat
126541 | Zig:25   | Paralysed by an air elemental for 1 turns
126669 | Zig:25   | Identified the +6 flail of Responsibility {venom, Str+2}
126673 | Zig:25   | Identified the staff of death "Tigulaf" {rN+ Will++}
126691 | Zig:25   | Identified the +4 dagger "Korgho Vatoir" {protect, rElec
                  | Dex+3 Stlth+}
126737 | Zig:25   | Reached skill level 15 in Dodging
126753 | Zig:26   | Entered Level 26 of a ziggurat
126773 | Zig:26   | Reached skill level 10 in Armour
126825 | Zig:26   | Found the +7 great mace "Undeadhunter" {deathbane, rN+}
126840 | Zig:26   | Identified the +1 chain mail "Dipramue" {Harm rC+}
126841 | Zig:26   | Identified the staff of conjuration "Raynwy" {rElec Str+4}
126847 | Zig:26   | Identified the +1 leather armour of the Morning Star
                  | {Will++}
126853 | Zig:26   | Identified the +6 longbow of Qodes {speed, *Slow rCorr
                  | SInv}
126854 | Zig:26   | Identified the +10 broad axe of the Telling Enemy {flame,
                  | rN+ Str+8}
126861 | Zig:26   | Identified the staff of cold "Vechac" {rC+ Str+7 SInv
                  | Stlth-}
126864 | Zig:26   | Reached skill level 15 in Shields
126869 | Zig:26   | Identified the +6 flail "Plog" {protect, rF+}
126971 | Zig:27   | Entered Level 27 of a ziggurat
127022 | Zig:27   | Found the ring of the Tortoise {AC+8}
127028 | Zig:27   | Identified the +9 ice dragon scales "Rudghyf" {+Blink rF-
                  | rC++ rN+}
127045 | Zig:27   | Identified the ring "Wiqoff" {rPois Will+ rCorr Str+2
                  | Dex-3}
127046 | Zig:27   | Identified the +6 falchion of a ziggurat {elec, Str+5
                  | Int+3}
127070 | Zig:27   | Identified the staff of cold "Kuocetir" {rC+ Str+2 Dex+4}
127307 | Depths:2 | Acquired the +3 pair of gauntlets of War {Slay+5}
127307 | Depths:2 | Found the +3 pair of gauntlets of War {Slay+5}
127329 | Depths:2 | Acquired the +2 pair of gloves of Words of Power {Contam
                  | Will+ Int+3}
127330 | Depths:2 | Acquired 822 gold pieces
128381 | Geh:1    | Entered Level 1 of Gehenna
129359 | Geh:7    | Entered Level 7 of Gehenna
129424 | Geh:7    | Noticed the Serpent of Hell
129427 | Geh:7    | Killed the Serpent of Hell
130611 | Geh:7    | Found the +13 sceptre of Asmodeus
130611 | Geh:7    | Noticed Asmodeus
130618 | Geh:7    | Killed Asmodeus
130724 | Geh:7    | Got an obsidian rune of Zot
130965 | Dis:1    | Entered Level 1 of the Iron City of Dis
131198 | Dis:3    | You fall into a shaft and drop 2 floors!
131198 | Dis:5    | Noticed a dread lich
131200 | Dis:5    | Killed a dread lich
131381 | Dis:7    | Entered Level 7 of the Iron City of Dis
131740 | Dis:7    | Noticed a juggernaut
131743 | Dis:7    | Killed a juggernaut
131752 | Dis:7    | Noticed a juggernaut
131754 | Dis:7    | Killed a juggernaut
132493 | Dis:7    | Noticed a juggernaut
132496 | Dis:7    | Killed a juggernaut
132511 | Dis:7    | Identified the ring "Tedghuegh" {rElec Will+ Str+2 Dex-5}
132745 | Dis:7    | Identified the staff of conjuration "Neinelut" {rElec rPois
                  | rC- Int-3}
132890 | Dis:7    | Identified the ring of the Bursted Lychee {Fly rPois}
132890 | Dis:7    | Noticed Dispater
132906 | Dis:7    | Killed Dispater
132998 | Dis:7    | Got an iron rune of Zot
133163 | Coc:1    | Entered Level 1 of Cocytus
133858 | Coc:5    | Killed an ancient lich
134206 | Coc:6    | Noticed a dread lich
134209 | Coc:6    | Killed a dread lich
134225 | Coc:6    | Noticed an ancient lich
134226 | Coc:6    | Noticed an ancient lich
134226 | Coc:6    | Noticed a dread lich
134227 | Coc:6    | Killed an ancient lich
134227 | Coc:6    | Killed an ancient lich
134228 | Coc:6    | Noticed an ancient lich
134228 | Coc:6    | Noticed a dread lich
134228 | Coc:6    | Noticed a dread lich
134229 | Coc:6    | Killed a dread lich
134229 | Coc:6    | Killed an ancient lich
134230 | Coc:6    | Killed a dread lich
134232 | Coc:6    | Killed a dread lich
134286 | Coc:7    | Entered Level 7 of Cocytus
134455 | Coc:7    | Paralysed by a wendigo for 1 turns
134581 | Coc:7    | Identified the +1 scale mail "Rijereh" {Int+4 Slay+2}
134660 | Coc:7    | Noticed Antaeus
134663 | Coc:7    | Reached skill level 27 in Fighting
134672 | Coc:7    | Killed Antaeus
134770 | Coc:7    | Got an icy rune of Zot
135133 | D:3      | Bought a condenser vane for 1000 gold pieces
135133 | D:3      | Bought a wand of quicksilver (7) for 735 gold pieces
135423 | Snake:4  | Bought a scroll of torment for 437 gold pieces
135423 | Snake:4  | Bought a sack of spiders for 1840 gold pieces
135900 | Tar:1    | Entered Level 1 of Tartarus
136413 | Tar:4    | Reached skill level 15 in Evocations
136804 | Tar:7    | Entered Level 7 of Tartarus
136806 | Tar:7    | Noticed a dread lich
136808 | Tar:7    | Paralysed by a dread lich for 5 turns
136814 | Tar:7    | Killed a dread lich
137174 | Tar:7    | Noticed an ancient lich
137178 | Tar:7    | Killed an ancient lich
137229 | Tar:7    | Got a bone rune of Zot
137233 | Tar:7    | Noticed Ereshkigal
137241 | Tar:7    | Killed Ereshkigal
137247 | Tar:7    | Noticed a dread lich
137250 | Tar:7    | Killed a dread lich
137551 | Tar:7    | Identified the +1 robe of the Toothy God {+Inv rPois Str-2
                  | Dex-2}
137552 | Tar:7    | Identified the +6 flail "Wevirul" {drain, Int+3 Dex+2}
137557 | Tar:7    | Identified the ring "Buplegr Kily" {AC+4 Int+5}
137559 | Tar:7    | Identified the ring "Wytohut" {rPois Int+6}
137736 | Tar:7    | Identified the staff of fire "Heigoc" {Fragile rF+ Str+8
                  | Dex-4}
137737 | Tar:7    | Identified the ring "Axolo" {rF+ rC- rCorr Str+3}
138421 | Zot:5    | Got the Orb of Zot
138544 | Zot:2    | Reached skill level 15 in Air Magic
139285 | D:1      | Noticed Wecat the pandemonium lord
139286 | D:1      | Killed Wecat the pandemonium lord
139556 | D:1      | Noticed Golef the pandemonium lord
139558 | D:1      | Killed Golef the pandemonium lord
139586 | D:1      | Noticed Wuma the pandemonium lord
139588 | D:1      | Killed Wuma the pandemonium lord
139612 | D:$      | Escaped with the Orb!

Illustrated notes

Levels and vault maps discovered:
D:1:      minmay_arrival_split_and_join, layout_basic, minmay_misc_feat_five,
          minmay_box_of_dots
D:2:      layout_loops_corners, basic_altar
D:3:      layout_loops_corners, serial_shops, nicolae_shop_getting_attention,
          shop, nicolae_shop_pleasant_corner_grove, nicolae_diamond_shop,
          amethyst_killhole, minivault_14, uniq_sigmund, uniq_crazy_yiuf_cottage
D:4:      black_bear_nest_2, layout_basic, minmay_temple_entry_junction_2
D:5:      layout_loops_cross, nicolae_ashenzari_panopticon,
          gammafunk_ghost_mausoleum
D:6:      layout_basic, general_overflow_altar, minmay_checkerbox
D:7:      layout_basic, mainiacjoe_overflow_catwalk_spiral,
          hellmonk_ghost_happy_afterlife, nzn_random_ring
D:8:      layout_loops_ring, minmay_shattered_shrine
D:9:      layout_cave_pods, dpeg_lair_monsters
D:10:     layout_basic, small_chamber_with_monster, lightli_wizard_tower,
          uniq_snorg
D:11:     layout_stronghold, orc_0_dummy, uniq_grum, uniq_fannar
D:12:     layout_basic, nicolae_diode_quadrants
D:13:     layout_cave_pools, david_vaults_1, minmay_misc_feat_columns,
          uniq_azrael
D:14:     minmay_nested_s, layout_rooms, hangedman_abyss_or_decor_lesser_grid,
          yredelemnul_altar_generic, uniq_josephine, uniq_roxanne
D:15:     grunt_enter_depths_giant_problem, layout_basic, nrook_mini_backslash,
          abandoned_shop, minmay_librarian
Temple:   regret_index_temple_chain_breaker
Lair:1:   layout_loops_ring, lemuel_centaur_altar, grunt_megastairs_1,
          uniq_joseph
Lair:2:   layout_roguey, nicolae_shoals_entry_flooding, grunt_megastairs_2
Lair:3:   layout_misc_corridors, minmay_snake_entry_guardpost_small,
          infiniplex_staircase_pool, grunt_megastairs_3, uniq_urug, uniq_amaemon
Lair:4:   beargit_carnivore_pack, layout_regular_city, dpeg_slime_entry_corner,
          gammafunk_ghost_hive, serial_forest, infiniplex_forest_straight_4,
          infiniplex_forest_end_double, infiniplex_forest_zigzag_2,
          infiniplex_forest_corner_1, infiniplex_forest_straight_4,
          lemuel_oklob_altar
Lair:5:   guppyfry_lair_end_dragon, layout_long_grid,
          nicolae_volcano_entry_two_sided, serial_forest,
          infiniplex_forest_clump_diagonal, infiniplex_forest_straight_2,
          infiniplex_forest_end_1, infiniplex_forest_lined_corner,
          infiniplex_forest_clump_cross, infiniplex_forest_clump_long,
          infiniplex_forest_lined_room_3, infiniplex_forest_end_2,
          serial_bayou_shore_b
Shoals:1: layout_shoals, yaktaur_hedge
Shoals:2: layout_shoals, nicolae_stop_n_shop_1
Shoals:3: layout_shoals, uniq_polyphemus, uniq_louise
Shoals:4: shoals_end_hellmonk_lost_city
Snake:1:  gammafunk_sealed_library, layout_basic
Snake:2:  layout_rooms, serial_shops, nicolae_shop_back_alley_shop,
          grunt_megastairs_5, serial_bayou_shore_b
Snake:3:  layout_basic, serial_shops, nicolae_shop_window_shopping,
          nicolae_snake_gridmaze_big_u, nicolae_snake_ghostly_warrior_ritual,
          uniq_vashnia, uniq_mlioglotl, uniq_bai_suzhen
Snake:4:  grunt_snake_rune_pools, layout_cave_town, serial_shops,
          nicolae_square_shop, minmay_shop_grove
Slime:1:  cheibrodos_slime_lost_civilization_10, layout_caves
Slime:2:  layout_caves, uniq_dissolution
Slime:3:  layout_caves
Slime:4:  layout_caves
Slime:5
Orc:1:    layout_caves, kennysheep_orc_chapel
Orc:2:    st_orc_ogre_mass, layout_caves
Elf:1:    minmay_elf_arrival_summoners, layout_onion_city,
          ebering_ghost_inner_flame, hangedman_elf_represent,
          nicolae_elf_altarnating
Elf:2:    elven_hall_of_blades_hangedman_original
          [nicolae_blade_entry_pointy_end], layout_gridlike, basic_altar
Elf:3:    minmay_elf_hall_x, layout_onion_city
Vaults:1: grunt_vaults_diagonal, nicolae_vaults_little_squares_3,
          vaults_room_corners, hangedman_vaults_nails, nicolae_vaults_wrenched,
          nicolae_vaults_closet_pinwheel_1, vaults_dpeg_hooks,
          layout_vaults_omnigrid
Vaults:2: v_alt_pattern_3, v_alt_pattern_5,
          nicolae_vaults_offset_grid_hallway_3, nicolae_vaults_ninety_degrees,
          nicolae_vaults_network_star, v_alt_pattern_3,
          vaults_dpeg_emergency_exit, minmay_crypt_entry_simple_round,
          nicolae_vaults_house_3, nicolae_vaults_six-pack, layout_vaults_ring
Vaults:3: grunt_vaults_funnel, nicolae_vaults_closet_pinwheel_2,
          nicolae_vaults_network_barrier, hangedman_vaults_snaps, v_rooms_3,
          hangedman_vaults_hat, ontoclasm_vaults_gateway, vaults_room_hallway,
          nicolae_vaults_prndl, nicolae_vaults_shipping_containers_4,
          nicolae_vaults_diagonal_hallway_8, v_misc_25,
          nicolae_vaults_tangram_1, vaults_mumra_lcd, layout_vaults_maze
Vaults:4: nicolae_vaults_shrinking_rooms_1, v_pattern_3, v_misc_9,
          vaults_mumra_minichess_inversion,
          nicolae_vaults_offset_grid_hallway_4, ontoclasm_vaults_hangar,
          v_misc_9, nicolae_vaults_double_plus_1, ontoclasm_vaults_chip,
          layout_vaults_big_room, serial_shops,
          nicolae_shop_bloodbath_and_beyond
Vaults:5: serial_shops
Crypt:1:  layout_misc_corridors, st_stairs_10
Crypt:2:  layout_gridlike, grunt_megastairs_4
Crypt:3:  quadcrypt_mu
Depths:1: layout_basic, serial_sigils_hangedman_carve, hangedman_coc_ice_floe,
          minmay_misc_feat_four_crosses, kennysheep_potato
Depths:2: nzn_winding_woodlands_three_and_one
          [nzn_winding_woodlands_5x15_crooked,
          nzn_winding_woodlands_5x15_concentric,
          nzn_winding_woodlands_5x15_pool, nzn_winding_woodlands_center_garden],
          layout_gridville, hellmouth_1, minmay_strange_pillars,
          grunt_pan_entry_in_and_out
Depths:3: kennysheep_large_spiral, layout_cave_pools, grunt_hell_entry_dis_mu,
          fedhas_altar_fruit_tree, abyss_entry_crystal,
          infiniplex_enter_wizlab_glasses
Depths:4: grunt_zot_entry_alcove, layout_honeycomb, enter_ziggurat_a,
          hellmouth_2, bh_walls_and_bars, uniq_saint_roka
Hell
Dis:1:    layout_jigsaw, hangedman_dis_decor_tower
Dis:2:    layout_jigsaw
Dis:3:    layout_regular_city, nicolae_dis_metal_dragon_surprise
Dis:5:    layout_gridville, nicolae_dis_big_boring_drill
Dis:6:    layout_regular_city
Dis:7:    dis_grunt_layers
Geh:1:    layout_gehenna_pools_triple, hangedman_elemental_grid_stream
Geh:2:    layout_gehenna_lava_caves
Geh:3:    layout_gehenna_pools_box
Geh:4:    layout_gehenna_pools_triple, hangedman_hellfire_club
Geh:5:    layout_gehenna_pools_basic, hangedman_elemental_grid_stream
Geh:6:    layout_gehenna_lava_caves
Geh:7:    geh_hangedman
Coc:1:    layout_cocytus_water_paths
Coc:2:    layout_cocytus_water_paths
Coc:3:    layout_cocytus_water_paths
Coc:4:    layout_ice_bergs
Coc:5:    layout_ice_bergs
Coc:6:    layout_cocytus_delve, nicolae_hells_leichenhalle
Coc:7:    coc_dpeg
Tar:1:    layout_catacombs
Tar:2:    layout_grid_maze, nicolae_tar_four_comb_rooms
Tar:3:    layout_honeycomb
Tar:4:    layout_catacombs, nicolae_tar_honey_chapel
Tar:5:    layout_grid_maze
Tar:6:    layout_grid_maze
Tar:7:    tar_old
Zot:1:    layout_misc_corridors, st_single_dragon_hoard_1,
          st_large_dragon_hoard_1
Zot:2:    kennysheep_six_static_rooms, layout_gridlike,
          hangedman_zot_decor_slant
Zot:3:    layout_concentric_octagons, uniq_vv
Zot:4:    layout_misc_corridors, st_stairs_6, nicolae_rock_paper_scissors
Zot:5:    layout_cathedral_of_symmetry

Skill      XL: |  1  2  3  4  5  6  7  8  9 10 11 12 13 14 15 16 17 18 19 20 21 22 23 24 25 26 27 |
---------------+----------------------------------------------------------------------------------+-----
Earth Magic    | 4 5 6 8 9 12 14 17 19 20 21 22 23 25 26 27 | 27.0
Spellcasting   | 4 5 6 7 8 9 11 12 14 15 17 18 20 22 24 25 27 | 27.0
Conjurations   | 3 4 6 8 10 13 14 16 17 18 20 22 27 | 27.0
Fighting       | 3 4 5 6 7 8 9 12 14 15 16 17 18 27 | 27.0
Dodging        | 5 7 9 10 12 17 | 17.7
Shields        | 1 5 8 10 25 | 25.1
Armour         | 2 5 7 12 | 12.0
Air Magic      | 2 5 16 | 16.4
Summonings     | 4 5 |  5.0
Fire Magic     | 14 17 20 26 | 26.2
Evocations     | 20 | 20.3
Ice Magic      | 22 | 22.6
Staves         | 12 | 12.0
Necromancy     | 22 | 22.1
Transmutations | 20 | 20.5
Stealth        | |  2.4

Action                     |  1- 3 |  4- 6 |  7- 9 | 10-12 | 13-15 | 16-18 | 19-21 | 22-24 | 25-27 || total
---------------------------+-------+-------+-------+-------+-------+-------+-------+-------+-------++-------
  Melee: Dagger            |     2 |       |     4 |       |       |       |       |       |       ||     6
         Staff             |       |       |     2 |    11 |    26 |     1 |    13 |    58 |   858 ||   969
   Cast: Sandblast         |    47 |    71 |   111 |    48 |     4 |       |       |       |       ||   281
         Stone Arrow       |       |     5 |    56 |   277 |   430 |   207 |       |       |       ||   975
         Searing Ray       |       |       |       |     4 |       |       |       |       |       ||     4
         Freezing Cloud    |       |       |       |    15 |   101 |   102 |     8 |       |       ||   226
         Fireball          |       |       |       |       |   129 |    53 |    69 |     2 |       ||   253
         Blink             |       |       |       |       |     9 |     4 |       |     1 |     8 ||    22
         Lehudib's Crystal |       |       |       |       |     6 |   203 |   341 |   482 |  1614 ||  2646
         Shatter           |       |       |       |       |       |     3 |    18 |    70 |   362 ||   453
         Yara's Violent Un |       |       |       |       |       |     2 |     1 |     3 |    11 ||    17
         Borgnjor's Vile C |       |       |       |       |       |    11 |    34 |     7 |     3 ||    55
         Spellforged Servi |       |       |       |       |       |       |    35 |     7 |     6 ||    48
         Ignition          |       |       |       |       |       |       |       |    11 |   255 ||   266
         Fire Storm        |       |       |       |       |       |       |       |     2 |   433 ||   435
         Ozocubu's Refrige |       |       |       |       |       |       |       |       |   110 ||   110
         Necromutation     |       |       |       |       |       |       |       |       |    75 ||    75
         Chain Lightning   |       |       |       |       |       |       |       |       |    57 ||    57
         Polar Vortex      |       |       |       |       |       |       |       |       |     6 ||     6
         Maxwell's Capacit |       |       |       |       |       |       |       |       |     2 ||     2
Ability: End Transformatio |       |       |       |       |       |       |       |       |     8 ||     8
  Evoke: Wand              |       |     2 |       |     9 |     2 |     4 |       |       |     9 ||    26
         Phial of floods   |       |       |       |       |       |       |       |       |     1 ||     1
         Phantom mirror    |       |       |       |       |       |       |       |       |     1 ||     1
    Use: Scroll            |       |     7 |     4 |     8 |    15 |    11 |     2 |     8 |    47 ||   102
         Potion            |       |       |       |     4 |     1 |     2 |       |     8 |    56 ||    71
   Stab: Distracted        |       |       |       |       |       |       |       |       |     1 ||     1
 Armour: Robe              |     8 |     2 |    16 |    15 |    33 |    30 |    21 |    49 |   331 ||   505
         Leather armour    |       |       |       |    19 |       |       |       |       |       ||    19
         Steam dragon scal |       |       |       |     1 |     7 |       |       |       |       ||     8
         Skin              |       |       |       |       |       |       |       |       |    13 ||    13
  Dodge: Dodged            |    22 |    20 |    39 |    57 |    96 |    72 |    92 |   137 |   748 ||  1283
  Block: Buckler           |       |       |     2 |    61 |   100 |    83 |    62 |    73 |   356 ||   737
         Reflection        |       |       |       |     3 |    27 |    35 |       |       |       ||    65
         Kite shield       |       |       |       |       |       |     1 |       |       |       ||     1
         Tower shield      |       |       |       |       |       |       |       |       |   486 ||   486

Table legend: (Time is in decaauts)
 A = Elapsed time spent in this place.
 B = Non-inter-level travel time spent in this place.
 C = Inter-level travel time spent in this place.
 D = Time resting spent in this place.
 E = Time spent auto-exploring this place.
 F = Levels seen in this place.
 G = Mean time per level.
                   A        B        C        D        E       F      G
               +--------+--------+--------+--------+--------+-----+--------+
         Total | 140007 | 126986 |  13021 |  28061 |  72744 | 142 |  986.0 |
       Dungeon |  30279 |  24469 |   5810 |   7651 |  13191 |  15 | 2018.6 |
        Temple |     12 |      8 |      4 |      0 |      0 |   1 |   12.0 |
          Lair |  10879 |   9195 |   1684 |   3680 |   4257 |   5 | 2175.8 |
        Shoals |   5112 |   4767 |    345 |    897 |   2945 |   4 | 1278.0 |
     Snake Pit |  10433 |   9784 |    649 |   4620 |   3569 |   4 | 2608.2 |
    Slime Pits |   2894 |   2533 |    361 |     99 |   2060 |   5 |  578.8 |
  Orcish Mines |   3454 |   3081 |    373 |   1127 |   1440 |   2 | 1727.0 |
   Elven Halls |   6670 |   6385 |    285 |   1971 |   3345 |   3 | 2223.3 |
        Vaults |  10123 |   9400 |    723 |   1977 |   5799 |   5 | 2024.6 |
         Crypt |   4675 |   4472 |    203 |     70 |   3793 |   3 | 1558.3 |
        Depths |   6296 |   5057 |   1239 |    234 |   3915 |   4 | 1574.0 |
          Hell |   1088 |    799 |    289 |     92 |    558 |   1 | 1088.0 |
           Dis |   2167 |   2120 |     47 |    198 |   1256 |   6 |  361.2 |
       Gehenna |   2249 |   2026 |    223 |    288 |    856 |   7 |  321.3 |
       Cocytus |   1447 |   1338 |    109 |    251 |    146 |   7 |  206.7 |
      Tartarus |   2230 |   2161 |     69 |    622 |    378 |   7 |  318.6 |
           Zot |   6936 |   6334 |    602 |   1194 |   4172 |   5 | 1387.2 |
         Abyss |    501 |    501 |      0 |     47 |     58 |   3 |  167.0 |
   Pandemonium |  26805 |  26805 |      0 |   1654 |  19089 |  26 | 1031.0 |
      Ziggurat |   4002 |   4002 |      0 |   1078 |   1054 |  27 |  148.2 |
       Volcano |    568 |    568 |      0 |    290 |     87 |   1 |  568.0 |
        Wizlab |   1176 |   1176 |      0 |     19 |    774 |   1 | 1176.0 |
               +--------+--------+--------+--------+--------+-----+--------+

Top non-repeatable levels by time:
    D:14: 5042 daAuts
 Snake:1: 3410 daAuts
  Lair:5: 2978 daAuts
     D:9: 2881 daAuts
Vaults:4: 2769 daAuts
    D:12: 2725 daAuts
   Elf:3: 2625 daAuts
 Snake:4: 2534 daAuts
 Snake:3: 2497 daAuts
   Elf:1: 2482 daAuts
Vaults:5: 2463 daAuts
     D:8: 2362 daAuts
 Crypt:3: 2330 daAuts
  Lair:3: 2308 daAuts
   Zot:5: 2149 daAuts
